 Dungeon Crawl Stone Soup version 0.29.0-4-gdea44cf6ec (webtiles) character file.

Game seed: 11348305536421415929

285974 qw the Peltast (level 21, -5/156 HPs)
             Began as a Gargoyle Fighter on Sept 9, 2022.
             Was a High Priest of Okawaru.
             Engulfed by a cloud of freezing vapour (8 damage)
             ... on level 4 of the Swamp.
             The game lasted 00:21:54 (44813 turns).

qw the Peltast (Gargoyle Fighter)                  Turns: 44813, Time: 00:21:54

Health: -5/156     AC: 60    Str: 45    XL:     21   Next: 3%
Magic:  28/28      EV:  9    Int: 13    God:    Okawaru [*****.]
Gold:   1571       SH: 24    Dex:  8    Spells: 20/20 levels left

rFire   . . .      SeeInvis +   Y - +9 broad axe (spect)
rCold   + . .      Faith    .   z - +0 tower shield
rNeg    + . .      Spirit   .   j - +10 plate armour of Okawaru's Envy {Int+2}
rPois   inf        Reflect  +   n - +2 helmet
rElec   +          Harm     .   p - +2 cloak of the Thief {*Fog Slay-2 SInv Stlth+}
rCorr   .          Rampage  inf h - +2 pair of gloves of Beyond {rPois Str+4}
Will    ++...                   G - +3 pair of seven-league boots {Rampage+∞}
Stlth   ..........              a - amulet of reflection
HPRegen 0.36/turn               m - ring "Bitra" {rF+ Will+ Str+4 Dex-4}
MPRegen 0.21/turn               t - ring of Impatience {Ice Drain Str+8 Dex+3}

@: flying
A: sickness immunity, AC +16, big wings, negative energy resistance 1,
electricity resistance, torment resistance 1, petrification resistance, robust
1, MP-powered wands
}: 1/15 runes: gossamer
a: Renounce Religion, Heroism, Finesse, Duel


You were on level 4 of the Swamp.
You worshipped Okawaru.
Okawaru was extremely pleased with you.
You visited 7 branches of the dungeon, and saw 35 of its levels.
You also visited: Sewer and Ossuary.

You collected 4771 gold pieces.
You spent 3200 gold pieces at shops.


Innate Abilities, Weirdness & Mutations

You are immune to sickness and miasma.
Your stone body is resilient. (AC +16)
You are immune to poison.
Your large and strong wings let you fly.
You resist negative energy. (rN+)
You are resistant to electric shocks. (rElec)
You are resistant to unholy torment.
You are immune to petrification.
You are robust. (+10% HP)
You expend magic power (3 MP) to strengthen your wands.


   Skills:
 - Level 18.4 Fighting
 - Level 18.0 Axes
 - Level 10.0 Throwing
 - Level 18.0 Armour
 - Level 6.0 Dodging
 + Level 18.7 Shields
 - Level 10.0 Invocations


You had 20 spell levels left.
You didn't know any spells.
Your spell library was empty.

Inventory:

Hand Weapons
 Y - a +9 spectral broad axe (weapon)
Missiles
 c - 2 javelins
 v - 18 boomerangs (quivered)
 F - a silver javelin
Armour
 h - the +2 pair of gloves of Beyond (worn) {rPois Str+4}
   (Okawaru gifted it to you on level 4 of the Lair of Beasts)

   Str:       It affects your strength (+4).
   rPois:     It protects you from poison.
 j - the +10 plate armour of Okawaru's Envy (worn) {Int+2}
   (Okawaru gifted it to you on level 5 of the Lair of Beasts)

   Int:       It affects your intelligence (+2).
 n - a +2 helmet (worn)
 p - the +2 cloak of the Thief (worn) {*Fog Slay-2 SInv Stlth+}
   (You found it on level 5 of the Lair of Beasts)

   It may release a thick cloud of smoke when the wearer is hurt.
   Slay:      It affects your accuracy & damage with ranged weapons and melee
   (-2).
   SInv:      It lets you see invisible.
   Stlth:     It makes you more stealthy.
 y - a +2 helmet of see invisible
 z - a +0 tower shield (worn)
 G - the +3 pair of seven-league boots (worn) {Rampage+∞}
   (Okawaru gifted it to you on level 1 of the Swamp)

   Its wearer moves as far as possible in that direction when moving towards
   enemies.
Jewellery
 a - an amulet of reflection (around neck)
 l - a ring of fire
 m - the ring "Bitra" (left hand) {rF+ Will+ Str+4 Dex-4}
   (You took it off a centaur warrior on level 10 of the Dungeon)

   [ring of willpower]

   Str:       It affects your strength (+4).
   Dex:       It affects your dexterity (-4).
   rF:        It protects you from fire.
   Will:      It increases your willpower.
 t - the ring of Impatience (right hand) {Ice Drain Str+8 Dex+3}
   (You found it on level 10 of the Dungeon)

   [ring of ice]

   It enhances your ice magic.
   Str:       It affects your strength (+8).
   Dex:       It affects your dexterity (+3).
   rF:        It makes you vulnerable to fire.
   rC:        It protects you from cold.
   Drain:     It drains your maximum health when unequipped.
 u - a +4 ring of slaying {mikee}
 H - a +4 ring of evasion
 J - the amulet of Psychosis {Spirit -Cast rF+ Stlth+}
   (You bought it in a shop on level 3 of the Vaults)

   [amulet of guardian spirit]

   It causes incoming damage to be divided between your reserves of health and
   magic.
   rF:        It protects you from fire.
   -Cast:     It prevents spellcasting.
   Stlth:     It makes you more stealthy.
Wands
 w - a wand of digging (5)
Scrolls
 b - 5 scrolls of enchant armour
 f - 33 scrolls of identify
 g - a scroll of brand weapon
 C - 5 scrolls of blinking
Potions
 d - 12 potions of might
 e - 8 potions of attraction
 i - 10 potions of lignification
 k - 6 potions of mutation
 o - 8 potions of haste
 q - 3 potions of cancellation
 s - 26 potions of curing
 x - 10 potions of magic
 A - 3 potions of resistance
 I - a potion of heal wounds

Dungeon Overview and Level Annotations

Branches:
Dungeon (15/15)            Temple (1/1) D:7            Lair (5/5) D:8
  Swamp (4/4) Lair:2       Spider (4/4) Lair:3        Slime (0/5) Lair:4
    Orc (2/2) D:12            Elf (0/3) Orc:2        Vaults (4/5) D:13
  Crypt (0/3) Vaults:3     Depths (0/4) D:15          Sewer (visited)
Ossuary (visited)

Altars:
Ashenzari
Cheibriados
Dithmenos
Elyvilon
Fedhas
Gozag
Hepliaklqana
Kikubaaqudgha
Makhleb
Nemelex Xobeh
Okawaru
Qazlal
Ru
Sif Muna
Trog
Uskayaw
Vehumet
Wu Jian
Xom
Yredelemnul
Zin
The Shining One

Shops:
D:8 :   D:9 (   Orc:1 [   Orc:2 !!?=   Vaults:1 [   Vaults:3 =![

Annotations:
D:6 1 runed translucent door, Crazy Yiuf
D:10 3 runed translucent doors
D:12 1 runed translucent door, qw's ghost, journeyman GrFi
Lair:2 2 transporters, qw's ghost, journeyman MiBe
Vaults:1 1 transporter


Message History

You're standing in a cloud of freezing vapour!
You're standing in a cloud of freezing vapour!
You are engulfed in freezing vapours.
You resist.
You start resting.
You're standing in a cloud of freezing vapour!
You're standing in a cloud of freezing vapour!
You are engulfed in freezing vapours.
You resist.
You're standing in a cloud of freezing vapour!
You are engulfed in freezing vapours.
You resist.
You're standing in a cloud of freezing vapour!
You are engulfed in freezing vapours.
You resist.
You start resting.
You're standing in a cloud of freezing vapour!
You're standing in a cloud of freezing vapour!
You are engulfed in freezing vapours.
You resist.
You start resting.
You are engulfed in freezing vapours.
You resist.
You're standing in a cloud of freezing vapour!
You are engulfed in freezing vapours.
You resist.
You're standing in a cloud of freezing vapour!
You are engulfed in freezing vapours.
You resist.
You're standing in a cloud of freezing vapour!
You are engulfed in freezing vapours.
You resist.
You're standing in a cloud of freezing vapour!
You are engulfed in freezing vapours.
You resist.
You're standing in a cloud of freezing vapour!
You are engulfed in freezing vapours.
You resist.
You start resting.
You're standing in a cloud of freezing vapour!
You're standing in a cloud of freezing vapour!
You are engulfed in freezing vapours.
You resist.
You're standing in a cloud of freezing vapour!
You are engulfed in freezing vapours.
You resist.
You're standing in a cloud of freezing vapour!
You are engulfed in freezing vapours.
You resist.
You're standing in a cloud of freezing vapour!
You are engulfed in freezing vapours.
You resist.
You're standing in a cloud of freezing vapour!
You are engulfed in freezing vapours.
You resist.
You die...

##############
#~~~~#~.~0..~###
~}~~~~###00..~~##
~~...~~00000..~~#
#~~~..~0000¤~~.~#
#~~~~.000~~~~.~#
#~~~0¤00~~~.~~#
###00@00.~~.~##
777777###~00...~##
77~~~~777######.7#
7~~~~~~~77 #..##
77~~.~~~~~77
##..##


777 7~..7..~~~~77 ##..# 77~777¤...7..~~~~7 #..# 7~~~.~~~...7..~~77 ##..#
.~¤~.~.~~.~7.~~77 #...# There were no monsters in sight!

Vanquished Creatures
  Arachne (Spider:3)
  Jorgrun (Spider:3)
  2 liches
  A thorn hunter (Swamp:2)
  A sphinx (Vaults:4)
  Roxanne (Spider:3)
  A fenstrider witch (Swamp:4)
  A frost giant (Vaults:2)
  9 vault wardens
  An orc warlord (Vaults:2)
  3 ghost moths
  2 emperor scorpions (Spider:4)
  A very ugly thing (Vaults:2)
  4 war gargoyles (Vaults:2)
  4 broodmothers
  7 ironbound thunderhulks
  15 ironbound preservers
  Nessos (D:13)
  6 eleionomae
  5 entropy weavers
  4 spark wasps
  3 bunyips
  14 dire elephants
  A deep elf death mage (Vaults:3)
  6 great orbs of eyes
  Fannar (D:11)
  Harold (Lair:2)
  7 yaktaur captains
  8 boulder beetles
  5 vault guards
  A servant of whispers (Vaults:2)
  3 ice dragons (Swamp:4)
  6 peacekeepers
  A catoblepas (Lair:3)
  2 ogre magi
  7 centaur warriors
  8 hydras
  3 ghost crabs
  A radroach (Spider:3)
  8 ironbound frosthearts
  3 jorogumos
  5 alligators
  A death knight (Vaults:3)
  8 death scarabs
  8 two-headed ogres
  14 death yaks (Lair:5)
  A deep troll earth mage (Vaults:1)
  2 tengu warriors (D:15)
  4 orc high priests (Orc:2)
  Urug (Lair:5)
  A soul eater (D:15)
  A deep elf knight (D:13)
  A fire crab (Lair:5)
  4 pharaoh ants
  13 skeletal warriors
  2 sea snakes (Lair:5)
  6 orb spiders
  A spriggan druid (Swamp:1)
  3 goliath frogs
  10 steelbarb worms
  5 bog bodies
  46 deep trolls
  An obsidian statue (D:15)
  6 swamp dragons
  5 lindwurms
  An orc knight (Orc:1)
  6 wizards
  11 ironbound convokers
  3 deep elf pyromancers
  2 spectral wolf spiders (Spider:4)
  27 ugly things
  A spectral jorogumo (Spider:4)
  2 harpies (Lair:5)
  11 wolf spiders
  An orc sorcerer (Orc:2)
  2 necromancers
  4 will-o-the-wisps
  6 manticores
  A salamander (shapeshifter) (D:10)
  2 oklob plants (Lair:4)
  4 cyclopes
  6 moths of wrath
  23 elephants
  2 black mambas (Lair:2)
  14 vault sentinels
  2 gargoyles
  2 unseen horrors (D:10)
  10 cane toads
  3 torpor snails
  3 kobold demonologists (D:9)
  10 komodo dragons
  4 rime drakes (Lair:5)
  4 spectral redbacks (Spider:4)
  3 hellwings (D:15)
  2 tengu conjurers (D:15)
  12 demonic crawlers
  3 redback zombies (Spider:4)
  2 efreet
  4 freezing wraiths (Swamp:4)
  33 yaktaurs
  6 trolls
  3 spectral jumping spiders (Spider:4)
  12 meliai
  A bloated husk (Swamp:1)
  3 polar bears
  2 wind drakes (Lair:5)
  6 hornets
  9 tyrant leeches
  21 tarantellas
  A queen bee (shapeshifter) (D:13)
  A tarantella zombie (Spider:4)
  2 snapping turtles (Lair:5)
  3 spectral tarantellas (Spider:4)
  2 spectral culicivoras (Spider:4)
  Grinder (D:3)
  21 blink frogs
  34 slime creatures
  A jumping spider zombie (Spider:4)
  5 dream sheep (Lair:3)
  3 saltlings (Vaults:2)
  Sigmund (D:6)
  A flying skull (Vaults:3)
  3 shadows
  25 culicivoras
  A culicivora (shapeshifter) (D:13)
  43 jumping spiders
  A wraith (D:13)
  4 spriggans
  A vampire (D:10)
  10 wyverns
  A ynoxinul (D:15)
  6 basilisks
  60 yaks
  A redback (shapeshifter) (D:15)
  A steam dragon (Lair:5)
  61 redbacks
  4 wargs
  A swamp worm simulacrum (Swamp:4)
  16 vampire mosquitoes
  24 water moccasins
  18 swamp worms
  Duvessa (D:5)
  3 acid dragons
  15 hydra simulacra (Swamp:4)
  A floating eye (shapeshifter) (D:15)
  A black bear (D:5)
  2 swamp drakes
  2 ice beasts (D:6)
  A sky beast (D:8)
  16 orc warriors
  13 ogres
  14 wolves
  4 centaurs (D:9)
  4 boggarts (Vaults:1)
  3 kobold brigands
  15 bullfrogs
  A gnoll sergeant (D:11)
  A necrophage (D:6)
  13 scorpions
  5 wights (D:7)
  Dowan (D:5)
  9 killer bees
  9 howler monkeys
  4 electric eels
  A quasit (D:15)
  2 centaur zombies (Ossuary)
  4 gnoll boudas
  A human zombie (Ossuary)
  A jelly (D:8)
  4 hounds
  34 orc priests
  2 iron imps (D:15)
  3 scorpion zombies (Ossuary)
  Terence (D:3)
  2 iguanas
  Natasha (twice) (D:3)
  A merfolk siren (Sewer)
  30 orc wizards
  7 hell rats (Lair:4)
  3 merfolk avatars
  Robin (D:3)
  3 mummies (Ossuary)
  19 gnolls
  2 river rats (Sewer)
  14 adders
  A shadow imp (D:5)
  A white imp (D:6)
  An ufetubus (D:5)
  7 swamp drake simulacra (Swamp:4)
  A worm zombie (D:6)
  3 worms
  4 dart slugs
  88 orcs
  2 endoplasms (D:1)
  5 giant cockroaches
  19 goblins
  13 hobgoblins
  13 jackals
  7 quokkas
  9 ball pythons
  6 bats
  8 frilled lizards
  A gnoll zombie (Ossuary)
  2 goblin zombies (Ossuary)
  A hobgoblin zombie (Ossuary)
  A jackal zombie (D:6)
  15 kobolds
  4 kobold zombies (Ossuary)
  2 orc zombies (Ossuary)
  34 rats
1478 creatures vanquished.

Vanquished Creatures (others)
  An orb spider (Spider:2)
  A goliath frog (Swamp:4)
  An orc knight (D:13)
  A large abomination (D:15)
  A bloated husk (Swamp:1)
  A hornet (Swamp:2)
  A swamp worm (Swamp:4)
  An ogre (D:13)
  A howler monkey (D:10)
  2 shadow imps (D:15)
  A white imp (D:15)
  3 ufetubi (D:15)
  An orc (D:7)
  2 foxfires (Swamp:2)
  12 fungi
  49 plants
  2 withered plants (D:12)
81 creatures vanquished.

Grand Total: 1559 creatures vanquished

Notes
Turn   | Place    | Note
-------+----------+-------------------------------------------
     0 | D:1      | qw the Gargoyle Fighter began the quest for the Orb.
     0 | D:1      | Reached XP level 1. HP: 14/14 MP: 1/1
     0 | D:1      | 0 ||| qw: Version: 0.1-a-113-g051387a
     0 | D:1      | 0 ||| qw: Game counter: 6960
     0 | D:1      | 0 ||| qw: Always use a shield: true
     0 | D:1      | 0 ||| qw: God list: Okawaru
     0 | D:1      | 0 ||| qw: Allow faded altars: false
     0 | D:1      | 0 ||| qw: Do Orc after D:15 true
     0 | D:1      | 0 ||| qw: Do second Lair branch before Depths: true
     0 | D:1      | 0 ||| qw: Lair rune preference: random
     0 | D:1      | 0 ||| qw: Plans: Normal, Zot, God:TSO, Crypt, Tomb, Zig,
                  | Orb
     0 | D:1      | 0 ||| PLANNING D:1-11
    22 | D:1      | 22 ||| Stepping ~*~*~tactically~*~*~ (stealth).
    23 | D:1      | 23 ||| Stepping ~*~*~tactically~*~*~ (stealth).
   256 | D:1      | Reached XP level 2. HP: 19/19 MP: 2/2
   687 | D:1      | Reached skill level 3 in Axes
   715 | D:1      | Reached XP level 3. HP: 22/23 MP: 3/3
   729 | D:1      | 729 ||| Stepping ~*~*~tactically~*~*~ (stealth).
  1096 | D:1      | 1096 ||| READING 3 scrolls labelled YNE DINALE.
  1097 | D:1      | 1097 ||| READING scroll labelled FORCHA PEOSK.
  1098 | D:1      | 1098 ||| READING scroll labelled JIUKUT FIUCWU.
  1099 | D:1      | 1099 ||| DROPPING 2 scrolls of amnesia.
  1205 | D:2      | 1205 ||| Stepping ~*~*~tactically~*~*~ (hiding).
  1206 | D:2      | 1206 ||| Stepping ~*~*~tactically~*~*~ (hiding).
  1293 | D:2      | 1293 ||| Stepping ~*~*~tactically~*~*~ (stealth).
  1318 | D:2      | 1318 ||| Stepping ~*~*~tactically~*~*~ (stealth).
  1338 | D:2      | 1338 ||| Stepping ~*~*~tactically~*~*~ (stealth).
  1436 | D:2      | Reached XP level 4. HP: 24/28 MP: 4/4
  1656 | D:2      | Found a faded altar of an unknown god.
  2177 | D:2      | 2177 ||| UPGRADING to amulet of reflection.
  2182 | D:2      | 2182 ||| UPGRADING to +6 ring of dexterity.
  2183 | D:2      | 2183 ||| READING scroll labelled KEFOWKE GOULLITIF.
  2184 | D:2      | 2184 ||| READING scroll labelled CIPNUDURID.
  2185 | D:2      | 2185 ||| DRINKING 2 golden potions.
  2205 | D:2      | 2205 ||| DRINKING 2 sapphire potions.
  2205 | D:2      | Gained mutation: You expend magic power (3 MP) to
                  | strengthen your wands. [potion of mutation]
  2205 | D:2      | Gained mutation: You are robust. (+10% HP) [potion of
                  | mutation]
  2237 | D:3      | 2237 ||| PLANNING SEWER
  2380 | D:3      | 2380 ||| Stepping ~*~*~tactically~*~*~ (stealth).
  2416 | D:3      | 2416 ||| Stepping ~*~*~tactically~*~*~ (stealth).
  2417 | D:3      | 2417 ||| Stepping ~*~*~tactically~*~*~ (stealth).
  2422 | D:3      | 2422 ||| Stepping ~*~*~tactically~*~*~ (stealth).
  2436 | D:3      | Reached XP level 5. HP: 27/35 MP: 5/5
  2438 | D:3      | Reached skill level 1 in Dodging
  2439 | D:3      | 2439 ||| FLEEEEING.
  2522 | D:3      | 2522 ||| Stepping ~*~*~tactically~*~*~ (stealth).
  2523 | D:3      | 2523 ||| READING scroll of enchant weapon.
  2523 | D:3      | 2523 ||| ENCHANTING +1 war axe.
  2526 | D:3      | Noticed Robin
  2527 | D:3      | 2527 ||| Stepping ~*~*~tactically~*~*~ (hiding).
  2542 | D:3      | Killed Robin
  2723 | D:3      | 2723 ||| Stepping ~*~*~tactically~*~*~ (stealth).
  2753 | D:3      | Found a glowing drain.
  2754 | D:3      | 2754 ||| UPGRADING to +2 helmet.
  2759 | D:3      | 2759 ||| DRINKING 2 smoky brown potions.
  2760 | D:3      | 2760 ||| DRINKING 2 puce potions.
  2761 | D:3      | 2761 ||| DROPPING potion of degeneration.
  2768 | Sewer    | Entered a sewer
  2772 | Sewer    | 2772 ||| Stepping ~*~*~tactically~*~*~ (water).
  2858 | Sewer    | Reached XP level 6. HP: 40/40 MP: 6/6
  2984 | Sewer    | 2984 ||| Stepping ~*~*~tactically~*~*~ (stealth).
  3180 | Sewer    | 3180 ||| DRINKING 2 clear potions.
  3181 | Sewer    | 3181 ||| READING 2 scrolls of identify.
  3181 | Sewer    | 3181 ||| IDENTIFYING cyan potion
  3182 | Sewer    | 3182 ||| DROPPING potion of berserk rage.
  3183 | Sewer    | 3183 ||| DROPPING potion of flight.
  3184 | Sewer    | 3184 ||| DROPPING potion of invisibility.
  3235 | D:3      | 3235 ||| PLANNING D:1-11
  3289 | D:3      | Noticed Grinder
  3292 | D:3      | Noticed Terence
  3292 | D:3      | Noticed Natasha
  3297 | D:3      | Killed Terence
  3302 | D:3      | Killed Natasha
  3307 | D:3      | Killed Grinder
  3308 | D:3      | Reached skill level 6 in Axes
  3308 | D:3      | Reached XP level 7. HP: 30/47 MP: 7/7
  3470 | D:3      | Noticed Natasha
  3477 | D:3      | Killed Natasha
  3492 | D:3      | 3492 ||| DROPPING +0 whip.
  3553 | D:3      | 3553 ||| READING 2 scrolls of identify.
  3553 | D:3      | 3553 ||| IDENTIFYING grey potion
  3613 | D:4      | Found a sparkling altar of Nemelex Xobeh.
  3680 | D:4      | 3680 ||| DRINKING potion of curing.
  3680 | D:4      | 3680 ||| (to cure confusion)
  3883 | D:4      | 3883 ||| Stepping ~*~*~tactically~*~*~ (stealth).
  3994 | D:4      | 3994 ||| Stepping ~*~*~tactically~*~*~ (hiding).
  3995 | D:4      | 3995 ||| Stepping ~*~*~tactically~*~*~ (hiding).
  4550 | D:4      | 4550 ||| UPGRADING to +0 cloak.
  4555 | D:4      | 4555 ||| UPGRADING to +1 pair of gloves.
  4560 | D:4      | 4560 ||| READING scroll labelled OTIHEA DEXTYRA.
  4561 | D:4      | 4561 ||| DRINKING 2 red potions.
  4662 | D:4      | 4662 ||| DRINKING 3 viscous grey potions.
  4663 | D:4      | 4663 ||| DROPPING potion of ambrosia.
  4669 | D:5      | Entered Level 5 of the Dungeon
  4675 | D:5      | Reached XP level 8. HP: 53/53 MP: 8/8
  4694 | D:5      | 4694 ||| Stepping ~*~*~tactically~*~*~ (stealth).
  4941 | D:5      | Found a sacrificial altar of Ru.
  4973 | D:5      | 4973 ||| Stepping ~*~*~tactically~*~*~ (stealth).
  4975 | D:5      | 4975 ||| Stepping ~*~*~tactically~*~*~ (hiding).
  4976 | D:5      | 4976 ||| Stepping ~*~*~tactically~*~*~ (hiding).
  4979 | D:5      | Found a bloodstained altar of Trog.
  4995 | D:5      | 4995 ||| FLEEEEING.
  4996 | D:5      | 4996 ||| FLEEEEING.
  5002 | D:5      | 5002 ||| FLEEEEING.
  5003 | D:5      | 5003 ||| FLEEEEING.
  5004 | D:5      | 5004 ||| FLEEEEING.
  5008 | D:5      | 5008 ||| FLEEEEING.
  5009 | D:5      | 5009 ||| FLEEEEING.
  5010 | D:5      | 5010 ||| FLEEEEING.
  5011 | D:5      | 5011 ||| FLEEEEING.
  5012 | D:5      | 5012 ||| FLEEEEING.
  5013 | D:5      | 5013 ||| FLEEEEING.
  5014 | D:5      | 5014 ||| FLEEEEING.
  5015 | D:5      | 5015 ||| FLEEEEING.
  5016 | D:5      | 5016 ||| FLEEEEING.
  5026 | D:5      | 5026 ||| FLEEEEING.
  5027 | D:5      | 5027 ||| FLEEEEING.
  5028 | D:5      | 5028 ||| FLEEEEING.
  5029 | D:5      | 5029 ||| FLEEEEING.
  5030 | D:5      | 5030 ||| FLEEEEING.
  5033 | D:5      | 5033 ||| FLEEEEING.
  5034 | D:5      | 5034 ||| FLEEEEING.
  5035 | D:5      | 5035 ||| FLEEEEING.
  5036 | D:5      | 5036 ||| FLEEEEING.
  5037 | D:5      | 5037 ||| STAIRDANCE
  5152 | D:4      | 5152 ||| READING scroll labelled GUOGUAL SIUBB.
  5393 | D:5      | 5393 ||| DROPPING +0 flail.
  5431 | D:5      | Noticed Dowan
  5432 | D:5      | Noticed Duvessa
  5438 | D:5      | 5438 ||| Stepping ~*~*~tactically~*~*~ (hiding).
  5439 | D:5      | 5439 ||| Stepping ~*~*~tactically~*~*~ (hiding).
  5449 | D:5      | Killed Duvessa
  5450 | D:5      | Reached skill level 6 in Fighting
  5451 | D:5      | Killed Dowan
  5556 | D:5      | 5556 ||| UPGRADING to +0 chain mail.
  5566 | D:5      | 5566 ||| DROPPING +0 scale mail.
  5581 | D:6      | 5581 ||| PLANNING OSSUARY
  5715 | D:6      | Identified the +6 quarterstaff of the Transmuting Owl
                  | {spect, rPois}
  5934 | D:6      | Found a runed translucent door.
  5935 | D:6      | Noticed Crazy Yiuf
  6064 | D:6      | Noticed Sigmund
  6077 | D:6      | Killed Sigmund
  6078 | D:6      | Reached skill level 9 in Axes
  6078 | D:6      | Reached XP level 9. HP: 60/60 MP: 9/9
  6122 | D:6      | Found a sand-covered staircase.
  6123 | D:6      | 6123 ||| UPGRADING to ring of protection from cold.
  6124 | D:6      | 6124 ||| DRINKING 2 ruby potions.
  6131 | Ossuary  | Entered an ossuary
  6546 | Ossuary  | 6546 ||| READING scroll labelled XANWOFRU EDIGE.
  6547 | Ossuary  | 6547 ||| READING scroll labelled LIWUNGO ZISIURGH.
  6548 | Ossuary  | 6548 ||| READING scroll labelled CUADUI BOYNIM.
  6583 | D:6      | 6583 ||| PLANNING D:1-11
  6669 | D:6      | 6669 ||| READING 4 scrolls of teleportation.
  6753 | D:6      | 6753 ||| READING 3 scrolls of teleportation.
  6812 | D:6      | 6812 ||| READING 2 scrolls of teleportation.
  7197 | D:6      | 7197 ||| UPGRADING to +0 pair of boots.
  7202 | D:6      | 7202 ||| READING scroll labelled IKHLAS MAPANEF.
  7251 | D:7      | 7251 ||| Stepping ~*~*~tactically~*~*~ (stealth).
  7273 | D:7      | Found a staircase to the Ecumenical Temple.
  7274 | D:7      | 7274 ||| PLANNING TEMPLE
  7275 | D:7      | Noticed a two-headed ogre
  7285 | D:7      | Killed a two-headed ogre
  7286 | D:7      | Reached XP level 10. HP: 69/69 MP: 10/10
  7290 | Temple   | Entered the Ecumenical Temple
  7324 | Temple   | Became a worshipper of Warmaster Okawaru
  7328 | Temple   | 7328 ||| PLANNING D:1-11
  7352 | D:7      | 7352 ||| Stepping ~*~*~tactically~*~*~ (stealth).
  7632 | D:7      | 7632 ||| Stepping ~*~*~tactically~*~*~ (stealth).
  7634 | D:7      | 7634 ||| Stepping ~*~*~tactically~*~*~ (stealth).
  7656 | D:7      | 7656 ||| Stepping ~*~*~tactically~*~*~ (stealth).
  7657 | D:7      | 7657 ||| Stepping ~*~*~tactically~*~*~ (stealth).
  7658 | D:7      | 7658 ||| Stepping ~*~*~tactically~*~*~ (stealth).
  7659 | D:7      | 7659 ||| Stepping ~*~*~tactically~*~*~ (stealth).
  7662 | D:7      | 7662 ||| Stepping ~*~*~tactically~*~*~ (stealth).
  7697 | D:7      | 7697 ||| FLEEEEING.
  7729 | D:7      | 7729 ||| FLEEEEING.
  7846 | D:7      | 7846 ||| Stepping ~*~*~tactically~*~*~ (stealth).
  7881 | D:7      | 7881 ||| Stepping ~*~*~tactically~*~*~ (hiding).
  7952 | D:7      | 7952 ||| Stepping ~*~*~tactically~*~*~ (stealth).
  8014 | D:7      | 8014 ||| Stepping ~*~*~tactically~*~*~ (stealth).
  8021 | D:7      | 8021 ||| Stepping ~*~*~tactically~*~*~ (hiding).
  8042 | D:7      | Reached * piety under Okawaru
  8043 | D:7      | 8043 ||| INVOKING Heroism.
  8055 | D:7      | 8055 ||| INVOKING Heroism.
  8072 | D:7      | 8072 ||| INVOKING Heroism.
  8341 | D:7      | Reached skill level 1 in Invocations
  8507 | D:7      | 8507 ||| READING scroll labelled MOMMODW AMUNUA.
  8508 | D:7      | 8508 ||| READING 8 scrolls of identify.
  8508 | D:7      | 8508 ||| IDENTIFYING bubbling cyan potion
  8509 | D:7      | 8509 ||| DROPPING potion of brilliance.
  8542 | D:8      | 8542 ||| STAIRDANCE
  8646 | D:8      | 8646 ||| STAIRDANCE
  8648 | D:7      | 8648 ||| INVOKING Heroism.
  8721 | D:8      | 8721 ||| INVOKING Heroism.
  8725 | D:8      | Reached skill level 3 in Invocations
  8740 | D:8      | 8740 ||| STAIRDANCE
  8888 | D:8      | 8888 ||| READING scroll of enchant weapon.
  8888 | D:8      | 8888 ||| ENCHANTING +2 war axe.
  8904 | D:8      | 8904 ||| READING scroll of teleportation.
  8908 | D:8      | Found an ancient bone altar of Kikubaaqudgha.
  8911 | D:8      | Found Pamam's Book Shoppe.
  8936 | D:8      | 8936 ||| Stepping ~*~*~tactically~*~*~ (stealth).
  8938 | D:8      | 8938 ||| INVOKING Heroism.
  9083 | D:8      | Found a white marble altar of Elyvilon.
  9090 | D:8      | 9090 ||| READING scroll of teleportation.
  9095 | D:8      | 9095 ||| Stepping randomly (stuck).
  9096 | D:8      | 9096 ||| Stepping randomly (stuck).
  9097 | D:8      | 9097 ||| Stepping randomly (stuck).
  9098 | D:8      | 9098 ||| Stepping randomly (stuck).
  9099 | D:8      | 9099 ||| Stepping randomly (stuck).
  9100 | D:8      | 9100 ||| Stepping randomly (stuck).
  9101 | D:8      | 9101 ||| Stepping randomly (stuck).
  9102 | D:8      | 9102 ||| Stepping randomly (stuck).
  9103 | D:8      | 9103 ||| Stepping randomly (stuck).
  9104 | D:8      | 9104 ||| Stepping randomly (stuck).
  9105 | D:8      | 9105 ||| Stepping randomly (stuck).
  9106 | D:8      | 9106 ||| Stepping randomly (stuck).
  9119 | D:8      | Found a radiant altar of Vehumet.
  9189 | D:8      | Reached ** piety under Okawaru
  9407 | D:8      | 9407 ||| READING scroll of enchant weapon.
  9407 | D:8      | 9407 ||| ENCHANTING +3 war axe.
  9609 | D:8      | 9609 ||| INVOKING Heroism.
  9629 | D:8      | Reached XP level 11. HP: 67/75 MP: 14/14
  9629 | D:8      | 9629 ||| FLEEEEING.
  9630 | D:8      | 9630 ||| FLEEEEING.
  9644 | D:8      | 9644 ||| INVOKING Heroism.
  9657 | D:8      | Reached skill level 9 in Fighting
  9758 | D:8      | 9758 ||| INVOKING Heroism.
 10008 | D:8      | Found a staircase to the Lair.
 10060 | D:8      | 10060 ||| PLANNING LAIR
 10083 | Lair:1   | Entered Level 1 of the Lair of Beasts
 10135 | Lair:1   | 10135 ||| INVOKING Heroism.
 10141 | Lair:1   | Reached skill level 3 in Dodging
 10187 | Lair:1   | 10187 ||| INVOKING Heroism.
 10211 | Lair:1   | 10211 ||| INVOKING Heroism.
 10401 | Lair:1   | Identified the +1 leather armour "Oprumurch" {Str-5 Dex+5
                  | SInv}
 10475 | Lair:1   | 10475 ||| INVOKING Heroism.
 10503 | Lair:1   | Reached *** piety under Okawaru
 10509 | Lair:1   | 10509 ||| INVOKING Heroism.
 10832 | Lair:1   | 10832 ||| READING scroll of enchant armour.
 10832 | Lair:1   | 10832 ||| ENCHANTING +1 pair of gloves.
 10946 | Lair:1   | Identified the +8 chain mail of Inunuv {Dex+3}
 11208 | Lair:1   | Reached skill level 12 in Axes
 11615 | Lair:1   | 11615 ||| UPGRADING to +0 plate armour.
 11625 | Lair:1   | 11625 ||| DROPPING +0 chain mail.
 11626 | Lair:1   | 11626 ||| UPGRADING to +8 chain mail of Inunuv {Dex+3}.
 11636 | Lair:1   | 11636 ||| DROPPING +0 plate armour.
 11731 | Lair:2   | 11731 ||| Stepping ~*~*~tactically~*~*~ (stealth).
 11742 | Lair:2   | 11742 ||| INVOKING Heroism.
 11794 | Lair:2   | 11794 ||| INVOKING Heroism.
 11813 | Lair:2   | Reached skill level 6 in Shields
 11936 | Lair:2   | 11936 ||| Stepping ~*~*~tactically~*~*~ (stealth).
 11957 | Lair:2   | Reached **** piety under Okawaru
 12026 | Lair:2   | 12026 ||| Stepping ~*~*~tactically~*~*~ (stealth).
 12031 | Lair:2   | 12031 ||| Stepping ~*~*~tactically~*~*~ (stealth).
 12123 | Lair:2   | 12123 ||| Stepping ~*~*~tactically~*~*~ (stealth).
 12125 | Lair:2   | 12125 ||| INVOKING Heroism.
 12133 | Lair:2   | Reached XP level 12. HP: 81/84 MP: 13/16
 12138 | Lair:2   | Reached ***** piety under Okawaru
 12220 | Lair:2   | Reached skill level 6 in Invocations
 12385 | Lair:2   | Noticed qw's ghost (journeyman MiBe)
 12462 | Lair:2   | Found a transporter.
 12464 | Lair:2   | Found a transporter.
 12537 | Lair:2   | 12537 ||| INVOKING Heroism.
 12550 | Lair:2   | Noticed Harold
 12562 | Lair:2   | HP: 19/84 [constriction (3)]
 12563 | Lair:2   | 12563 ||| READING scroll of teleportation.
 12563 | Lair:2   | HP: 9/84 [constriction (8)]
 12564 | Lair:2   | 12564 ||| DRINKING 4 potions of heal wounds.
 12565 | Lair:2   | 12565 ||| DRINKING 3 potions of heal wounds.
 12590 | Lair:2   | 12590 ||| INVOKING Heroism.
 12602 | Lair:2   | 12602 ||| FLEEEEING.
 12603 | Lair:2   | 12603 ||| FLEEEEING.
 12604 | Lair:2   | 12604 ||| FLEEEEING.
 12613 | Lair:2   | 12613 ||| INVOKING Heroism.
 12944 | Lair:2   | 12944 ||| INVOKING Heroism.
 12965 | Lair:2   | Killed Harold
 12965 | Lair:2   | Received a gift from Okawaru
 12977 | Lair:2   | 12977 ||| INVOKING Heroism.
 12979 | Lair:2   | HP: 12/84 [bog body/bolt of cold (18)]
 12980 | Lair:2   | 12980 ||| DRINKING 2 potions of heal wounds.
 13189 | Lair:2   | 13189 ||| READING scroll of enchant weapon.
 13189 | Lair:2   | 13189 ||| ENCHANTING +4 war axe.
 13295 | Lair:2   | Found a staircase to the Swamp.
 13496 | Lair:3   | 13496 ||| INVOKING Heroism.
 13560 | Lair:3   | Received a gift from Okawaru
 13598 | Lair:3   | Noticed a catoblepas
 13599 | Lair:3   | 13599 ||| INVOKING Heroism.
 13600 | Lair:3   | 13600 ||| INVOKING Finesse.
 13619 | Lair:3   | Killed a catoblepas
 13699 | Lair:3   | 13699 ||| Stepping ~*~*~tactically~*~*~ (stealth).
 13700 | Lair:3   | 13700 ||| Stepping ~*~*~tactically~*~*~ (stealth).
 13701 | Lair:3   | 13701 ||| Stepping ~*~*~tactically~*~*~ (stealth).
 13703 | Lair:3   | 13703 ||| INVOKING Heroism.
 13710 | Lair:3   | Reached skill level 9 in Armour
 13791 | Lair:3   | 13791 ||| INVOKING Heroism.
 13837 | Lair:3   | 13837 ||| INVOKING Heroism.
 13861 | Lair:3   | Reached skill level 9 in Invocations
 13968 | Lair:3   | 13968 ||| Stepping ~*~*~tactically~*~*~ (stealth).
 14084 | Lair:3   | Found a hole to the Spider Nest.
 14085 | Lair:3   | You fall into a shaft and drop 2 floors!
 14085 | Lair:5   | Entered Level 5 of the Lair of Beasts
 14086 | Lair:5   | 14086 ||| INVOKING Heroism.
 14102 | Lair:5   | Received a gift from Okawaru
 14112 | Lair:5   | Reached XP level 13. HP: 90/90 MP: 20/20
 14113 | Lair:5   | 14113 ||| SWAPPING to +0 vampiric war axe.
 14124 | Lair:5   | 14124 ||| Stepping ~*~*~tactically~*~*~ (stealth).
 14129 | Lair:5   | 14129 ||| INVOKING Heroism.
 14292 | Lair:5   | 14292 ||| INVOKING Heroism.
 14326 | Lair:5   | 14326 ||| INVOKING Finesse.
 14339 | Lair:5   | Noticed a dire elephant
 14347 | Lair:5   | 14347 ||| SWAPPING to +0 morningstar.
 14350 | Lair:5   | 14350 ||| SWAPPING to +0 vampiric war axe.
 14356 | Lair:5   | 14356 ||| SWAPPING to +0 morningstar.
 14357 | Lair:5   | 14357 ||| Stepping ~*~*~tactically~*~*~ (outnumbered).
 14358 | Lair:5   | 14358 ||| Stepping ~*~*~tactically~*~*~ (outnumbered).
 14359 | Lair:5   | 14359 ||| SWAPPING to +0 vampiric war axe.
 14367 | Lair:5   | 14367 ||| SWAPPING to +0 morningstar.
 14368 | Lair:5   | 14368 ||| Stepping ~*~*~tactically~*~*~ (outnumbered).
 14369 | Lair:5   | 14369 ||| INVOKING Heroism.
 14370 | Lair:5   | 14370 ||| SWAPPING to +0 vampiric war axe.
 14392 | Lair:5   | Received a gift from Okawaru
 14394 | Lair:5   | Reached ****** piety under Okawaru
 14407 | Lair:5   | Received a gift from Okawaru
 14421 | Lair:5   | 14421 ||| SWAPPING to +0 morningstar.
 14422 | Lair:5   | 14422 ||| INVOKING Finesse.
 14423 | Lair:5   | 14423 ||| Stepping ~*~*~tactically~*~*~ (outnumbered).
 14427 | Lair:5   | Received a gift from Okawaru
 14438 | Lair:5   | 14438 ||| INVOKING Heroism.
 14448 | Lair:5   | Killed a dire elephant
 14454 | Lair:5   | HP: 21/92 [seven-headed hydra (7)]
 14455 | Lair:5   | 14455 ||| DRINKING potion of heal wounds.
 14462 | Lair:5   | 14462 ||| SWAPPING to +0 vampiric war axe.
 14506 | Lair:5   | Noticed Urug
 14521 | Lair:5   | Killed Urug
 14554 | Lair:5   | Reached skill level 15 in Axes
 14556 | Lair:5   | 14556 ||| INVOKING Heroism.
 14557 | Lair:5   | 14557 ||| INVOKING Finesse.
 14568 | Lair:5   | Gained mutation: Your large and strong wings let you fly.
                  | [Gargoyle growth]
 14568 | Lair:5   | Reached XP level 14. HP: 99/99 MP: 13/21
 14593 | Lair:5   | 14593 ||| Stepping ~*~*~tactically~*~*~ (stealth).
 14596 | Lair:5   | 14596 ||| INVOKING Heroism.
 14609 | Lair:5   | 14609 ||| Stepping ~*~*~tactically~*~*~ (stealth).
 14618 | Lair:5   | 14618 ||| INVOKING Finesse.
 14619 | Lair:5   | Identified the +10 plate armour of Okawaru's Envy {Int+2}
                  | (Okawaru gifted it to you on level 5 of the Lair of Beasts)
 14619 | Lair:5   | Received a gift from Okawaru
 14620 | Lair:5   | Reached skill level 12 in Fighting
 14624 | Lair:5   | 14624 ||| INVOKING Heroism.
 14715 | Lair:5   | 14715 ||| SWAPPING to +3 broad axe of electrocution.
 14786 | Lair:5   | 14786 ||| INVOKING Heroism.
 14890 | Lair:5   | 14890 ||| Stepping ~*~*~tactically~*~*~ (cloud).
 14892 | Lair:5   | 14892 ||| Stepping ~*~*~tactically~*~*~ (cloud).
 14893 | Lair:5   | 14893 ||| Stepping ~*~*~tactically~*~*~ (cloud).
 14939 | Lair:5   | 14939 ||| INVOKING Heroism.
 15079 | Lair:5   | 15079 ||| DROPPING +0 vampiric war axe.
 15080 | Lair:5   | 15080 ||| DROPPING +5 war axe.
 15156 | Lair:5   | 15156 ||| Stepping ~*~*~tactically~*~*~ (stealth).
 15192 | Lair:5   | 15192 ||| Stepping ~*~*~tactically~*~*~ (stealth).
 15196 | Lair:5   | 15196 ||| Stepping ~*~*~tactically~*~*~ (stealth).
 15202 | Lair:5   | 15202 ||| Stepping ~*~*~tactically~*~*~ (stealth).
 15204 | Lair:5   | 15204 ||| INVOKING Heroism.
 15205 | Lair:5   | 15205 ||| Stepping ~*~*~tactically~*~*~ (stealth).
 15206 | Lair:5   | 15206 ||| INVOKING Finesse.
 15211 | Lair:5   | Reached skill level 1 in Throwing
 15233 | Lair:5   | Reached skill level 3 in Throwing
 15277 | Lair:5   | 15277 ||| Stepping ~*~*~tactically~*~*~ (stealth).
 15278 | Lair:5   | 15278 ||| Stepping ~*~*~tactically~*~*~ (stealth).
 15280 | Lair:5   | 15280 ||| Stepping ~*~*~tactically~*~*~ (stealth).
 15320 | Lair:5   | 15320 ||| DROPPING orb of mayhem.
 15321 | Lair:5   | 15321 ||| UPGRADING to +10 plate armour of Okawaru's Envy
                  | {Int+2}.
 15331 | Lair:5   | 15331 ||| DROPPING +8 chain mail of Inunuv {Dex+3}.
 15332 | Lair:5   | 15332 ||| READING 10 scrolls of identify.
 15332 | Lair:5   | 15332 ||| IDENTIFYING coppery potion
 15336 | Lair:5   | 15336 ||| Stepping ~*~*~tactically~*~*~ (hiding).
 15404 | Lair:4   | 15404 ||| INVOKING Heroism.
 15500 | Lair:3   | 15500 ||| Stepping ~*~*~tactically~*~*~ (hiding).
 15501 | Lair:3   | 15501 ||| Stepping ~*~*~tactically~*~*~ (hiding).
 15637 | Lair:3   | 15637 ||| INVOKING Heroism.
 15638 | Lair:3   | 15638 ||| INVOKING Finesse.
 16033 | Lair:3   | 16033 ||| READING scroll labelled POLA DIG NEAZ.
 16062 | Lair:4   | 16062 ||| FLEEEEING.
 16063 | Lair:4   | 16063 ||| FLEEEEING.
 16064 | Lair:4   | 16064 ||| FLEEEEING.
 16065 | Lair:4   | 16065 ||| FLEEEEING.
 16066 | Lair:4   | 16066 ||| FLEEEEING.
 16076 | Lair:4   | 16076 ||| INVOKING Heroism.
 16077 | Lair:4   | 16077 ||| INVOKING Finesse.
 16082 | Lair:4   | 16082 ||| SWAPPING to +0 morningstar.
 16094 | Lair:4   | 16094 ||| SWAPPING to +3 broad axe of electrocution.
 16284 | Lair:4   | 16284 ||| Stepping ~*~*~tactically~*~*~ (stealth).
 16294 | Lair:4   | 16294 ||| Stepping ~*~*~tactically~*~*~ (stealth).
 16296 | Lair:4   | 16296 ||| INVOKING Heroism.
 16297 | Lair:4   | 16297 ||| Stepping ~*~*~tactically~*~*~ (stealth).
 16350 | Lair:4   | 16350 ||| READING scroll of enchant weapon.
 16350 | Lair:4   | 16350 ||| ENCHANTING +3 broad axe of electrocution.
 16407 | Lair:4   | 16407 ||| INVOKING Heroism.
 16408 | Lair:4   | 16408 ||| INVOKING Finesse.
 16410 | Lair:4   | 16410 ||| SWAPPING to +0 morningstar.
 16420 | Lair:4   | Identified the +2 pair of gloves of Beyond {rPois Str+4}
                  | (Okawaru gifted it to you on level 4 of the Lair of Beasts)
 16420 | Lair:4   | Received a gift from Okawaru
 16421 | Lair:4   | 16421 ||| SWAPPING to +4 broad axe of electrocution.
 16493 | Lair:4   | 16493 ||| Stepping ~*~*~tactically~*~*~ (stealth).
 16500 | Lair:4   | 16500 ||| INVOKING Heroism.
 16549 | Lair:4   | Found a blossoming altar of Fedhas.
 16827 | Lair:4   | 16827 ||| FLEEEEING.
 16947 | Lair:4   | 16947 ||| INVOKING Heroism.
 16948 | Lair:4   | 16948 ||| INVOKING Finesse.
 16949 | Lair:4   | Found a staircase to the Slime Pits.
 17268 | Lair:4   | 17268 ||| UPGRADING to +2 pair of gloves of Beyond {rPois
                  | Str+4}.
 17278 | Lair:4   | 17278 ||| DROPPING +2 pair of gloves.
 17329 | Lair:5   | 17329 ||| Stepping ~*~*~tactically~*~*~ (stealth).
 17331 | Lair:5   | 17331 ||| INVOKING Heroism.
 17382 | Lair:5   | 17382 ||| INVOKING Heroism.
 17383 | Lair:5   | 17383 ||| INVOKING Finesse.
 17391 | Lair:5   | Reached skill level 12 in Armour
 17594 | Lair:5   | 17594 ||| Stepping ~*~*~tactically~*~*~ (stealth).
 17720 | Lair:5   | Found the +2 cloak of the Thief {*Fog Slay-2 SInv Stlth+}
 17915 | Lair:5   | 17915 ||| PLANNING D:1-11
 17915 | Lair:5   | 17915 ||| UPGRADING to +2 cloak of the Thief {*Fog Slay-2
                  | SInv Stlth+}.
 17925 | Lair:5   | 17925 ||| DROPPING +0 cloak.
 18171 | D:9      | 18171 ||| INVOKING Heroism.
 18190 | D:9      | 18190 ||| Stepping ~*~*~tactically~*~*~ (hiding).
 18232 | D:9      | 18232 ||| Stepping ~*~*~tactically~*~*~ (hiding).
 18233 | D:9      | 18233 ||| Stepping ~*~*~tactically~*~*~ (hiding).
 18234 | D:9      | 18234 ||| Stepping ~*~*~tactically~*~*~ (hiding).
 18235 | D:9      | 18235 ||| Stepping ~*~*~tactically~*~*~ (hiding).
 18236 | D:9      | 18236 ||| Stepping ~*~*~tactically~*~*~ (hiding).
 18357 | D:9      | Reached XP level 15. HP: 105/105 MP: 22/22
 18383 | D:9      | 18383 ||| Stepping ~*~*~tactically~*~*~ (hiding).
 18441 | D:9      | 18441 ||| Stepping ~*~*~tactically~*~*~ (stealth).
 18444 | D:9      | 18444 ||| INVOKING Heroism.
 18448 | D:9      | 18448 ||| Stepping ~*~*~tactically~*~*~ (stealth).
 18454 | D:9      | 18454 ||| Stepping ~*~*~tactically~*~*~ (stealth).
 18517 | D:9      | 18517 ||| Stepping ~*~*~tactically~*~*~ (hiding).
 18521 | D:9      | 18521 ||| INVOKING Heroism.
 18592 | D:9      | 18592 ||| INVOKING Heroism.
 18676 | D:9      | Found Viseng's Weapon Emporium.
 18693 | D:9      | 18693 ||| BUYING +0 morningstar of protection (88 gold).
 18693 | D:9      | Bought a +0 morningstar of protection for 88 gold pieces
 18693 | D:9      | 18693 ||| DROPPING +0 morningstar.
 18907 | D:10     | Entered Level 10 of the Dungeon
 18936 | D:10     | Identified the +5 halberd of Wounding {freeze, Int+5}
 18936 | D:10     | Identified the ring "Bitra" {rF+ Will+ Str+4 Dex-4}
 18937 | D:10     | 18937 ||| READING scroll of teleportation.
 18986 | D:10     | 18986 ||| Stepping ~*~*~tactically~*~*~ (stealth).
 19005 | D:10     | 19005 ||| READING scroll of enchant weapon.
 19005 | D:10     | 19005 ||| ENCHANTING +4 broad axe of electrocution.
 19015 | D:10     | 19015 ||| Stepping ~*~*~tactically~*~*~ (stealth).
 19016 | D:10     | 19016 ||| Stepping ~*~*~tactically~*~*~ (stealth).
 19017 | D:10     | 19017 ||| Stepping ~*~*~tactically~*~*~ (stealth).
 19021 | D:10     | 19021 ||| Stepping ~*~*~tactically~*~*~ (hiding).
 19059 | D:10     | 19059 ||| Stepping ~*~*~tactically~*~*~ (stealth).
 19076 | D:10     | 19076 ||| Stepping ~*~*~tactically~*~*~ (hiding).
 19077 | D:10     | 19077 ||| Stepping ~*~*~tactically~*~*~ (stealth).
 19205 | D:10     | 19205 ||| READING 2 scrolls of enchant weapon.
 19205 | D:10     | 19205 ||| ENCHANTING +5 broad axe of electrocution.
 19206 | D:10     | 19206 ||| READING scroll of enchant weapon.
 19206 | D:10     | 19206 ||| ENCHANTING +6 broad axe of electrocution.
 19207 | D:10     | 19207 ||| Stepping ~*~*~tactically~*~*~ (stealth).
 19214 | D:10     | Found a runed translucent door.
 19224 | D:10     | Found a runed translucent door.
 19224 | D:10     | Found a runed translucent door.
 19227 | D:10     | Identified the ring of Impatience {Ice Drain Str+8 Dex+3}
 19844 | D:10     | Found a stormy altar of Qazlal.
 20067 | D:10     | 20067 ||| DROPPING amulet of magic regeneration.
 20068 | D:10     | 20068 ||| UPGRADING to ring "Bitra" {rF+ Will+ Str+4
                  | Dex-4}.
 20070 | D:10     | 20070 ||| UPGRADING to ring of Impatience {Ice Drain Str+8
                  | Dex+3}.
 20152 | D:11     | Noticed Fannar
 20159 | D:11     | Killed Fannar
 20171 | D:11     | 20171 ||| INVOKING Heroism.
 20187 | D:11     | 20187 ||| Stepping ~*~*~tactically~*~*~ (stealth).
 20406 | D:11     | 20406 ||| INVOKING Heroism.
 20712 | D:11     | 20712 ||| PLANNING D
 20712 | D:11     | 20712 ||| READING 18 scrolls of identify.
 20712 | D:11     | 20712 ||| IDENTIFYING glowing inky potion
 20811 | D:12     | 20811 ||| Stepping ~*~*~tactically~*~*~ (stealth).
 20926 | D:12     | 20926 ||| INVOKING Heroism.
 20973 | D:12     | Found a runed translucent door.
 20974 | D:12     | Noticed qw's ghost (journeyman GrFi)
 21001 | D:12     | 21001 ||| Stepping ~*~*~tactically~*~*~ (stealth).
 21006 | D:12     | 21006 ||| INVOKING Heroism.
 21013 | D:12     | Received a gift from Okawaru
 21142 | D:12     | 21142 ||| INVOKING Heroism.
 21472 | D:12     | Found a staircase to the Orcish Mines.
 21684 | D:13     | 21684 ||| INVOKING Heroism.
 21687 | D:13     | 21687 ||| Stepping ~*~*~tactically~*~*~ (stealth).
 21690 | D:13     | 21690 ||| Stepping ~*~*~tactically~*~*~ (stealth).
 21807 | D:13     | 21807 ||| INVOKING Heroism.
 21816 | D:13     | Noticed Nessos
 21817 | D:13     | 21817 ||| INVOKING Finesse.
 21858 | D:13     | 21858 ||| INVOKING Finesse.
 21858 | D:13     | Killed Nessos
 22206 | D:13     | 22206 ||| Stepping ~*~*~tactically~*~*~ (hiding).
 22207 | D:13     | 22207 ||| Stepping ~*~*~tactically~*~*~ (hiding).
 22210 | D:13     | 22210 ||| INVOKING Heroism.
 22304 | D:13     | 22304 ||| INVOKING Heroism.
 22316 | D:13     | Received a gift from Okawaru
 22327 | D:13     | Received a gift from Okawaru
 22529 | D:13     | Found a gate to the Vaults.
 22810 | D:13     | 22810 ||| Stepping ~*~*~tactically~*~*~ (hiding).
 22816 | D:13     | Reached skill level 6 in Throwing
 23158 | D:13     | 23158 ||| DROPPING ring of magical power.
 23260 | D:14     | Found Zin's Purification Station.
 23264 | D:14     | Found a glowing silver altar of Zin.
 23269 | D:14     | 23269 ||| BUYING potion of curing (90 gold).
 23269 | D:14     | Bought a potion of curing for 90 gold pieces
 23327 | D:14     | 23327 ||| INVOKING Heroism.
 23430 | D:14     | 23430 ||| Stepping ~*~*~tactically~*~*~ (stealth).
 23434 | D:14     | 23434 ||| Stepping ~*~*~tactically~*~*~ (hiding).
 23438 | D:14     | 23438 ||| INVOKING Heroism.
 23439 | D:14     | 23439 ||| Stepping ~*~*~tactically~*~*~ (hiding).
 23472 | D:14     | Reached XP level 16. HP: 113/114 MP: 23/23
 23472 | D:14     | 23472 ||| Stepping ~*~*~tactically~*~*~ (stealth).
 23816 | D:14     | 23816 ||| INVOKING Heroism.
 23817 | D:14     | 23817 ||| SWAPPING to +0 morningstar of protection.
 23818 | D:14     | 23818 ||| INVOKING Finesse.
 23826 | D:14     | 23826 ||| SWAPPING to +7 broad axe of electrocution.
 24138 | D:14     | 24138 ||| READING 18 scrolls of identify.
 24138 | D:14     | 24138 ||| IDENTIFYING emerald potion
 24189 | D:15     | Entered Level 15 of the Dungeon
 24190 | D:15     | 24190 ||| Stepping ~*~*~tactically~*~*~ (hiding).
 24191 | D:15     | 24191 ||| INVOKING Heroism.
 24263 | D:15     | 24263 ||| Stepping ~*~*~tactically~*~*~ (stealth).
 24266 | D:15     | 24266 ||| FLEEEEING.
 24268 | D:15     | 24268 ||| FLEEEEING.
 24269 | D:15     | 24269 ||| FLEEEEING.
 24270 | D:15     | 24270 ||| STAIRDANCE
 24413 | D:15     | Received a gift from Okawaru
 24414 | D:15     | 24414 ||| STAIRDANCE
 24542 | D:15     | Found a shadowy altar of Dithmenos.
 24574 | D:15     | 24574 ||| INVOKING Heroism.
 24701 | D:15     | 24701 ||| FLEEEEING.
 24720 | D:15     | 24720 ||| FLEEEEING.
 24721 | D:15     | 24721 ||| FLEEEEING.
 24722 | D:15     | 24722 ||| FLEEEEING.
 24723 | D:15     | 24723 ||| FLEEEEING.
 24724 | D:15     | 24724 ||| FLEEEEING.
 24725 | D:15     | 24725 ||| FLEEEEING.
 24730 | D:15     | 24730 ||| FLEEEEING.
 24732 | D:15     | 24732 ||| STAIRDANCE
 24792 | D:15     | 24792 ||| INVOKING Heroism.
 24796 | D:15     | 24796 ||| STAIRDANCE
 24963 | D:15     | 24963 ||| INVOKING Heroism.
 24977 | D:15     | 24977 ||| Stepping ~*~*~tactically~*~*~ (stealth).
 25003 | D:15     | Received a gift from Okawaru
 25016 | D:15     | Found a staircase to the Depths.
 25017 | D:15     | 25017 ||| Stepping ~*~*~tactically~*~*~ (stealth).
 25065 | D:15     | 25065 ||| Stepping ~*~*~tactically~*~*~ (hiding).
 25069 | D:15     | 25069 ||| Stepping ~*~*~tactically~*~*~ (hiding).
 25070 | D:15     | 25070 ||| Stepping ~*~*~tactically~*~*~ (hiding).
 25193 | D:15     | 25193 ||| Stepping ~*~*~tactically~*~*~ (hiding).
 25194 | D:15     | 25194 ||| Stepping ~*~*~tactically~*~*~ (hiding).
 25197 | D:15     | 25197 ||| Stepping ~*~*~tactically~*~*~ (hiding).
 25417 | D:15     | 25417 ||| Stepping ~*~*~tactically~*~*~ (stealth).
 25439 | D:15     | 25439 ||| INVOKING Heroism.
 25447 | D:15     | Reached skill level 18 in Axes
 25637 | D:15     | 25637 ||| INVOKING Heroism.
 25638 | D:15     | 25638 ||| INVOKING Finesse.
 25747 | D:15     | 25747 ||| Stepping ~*~*~tactically~*~*~ (hiding).
 25748 | D:15     | 25748 ||| Stepping ~*~*~tactically~*~*~ (hiding).
 25906 | D:15     | 25906 ||| PLANNING ORC
 25906 | D:15     | 25906 ||| UPGRADING to +1 kite shield of protection.
 25916 | D:15     | 25916 ||| DROPPING +0 buckler.
 26059 | Orc:1    | Entered Level 1 of the Orcish Mines
 26060 | Orc:1    | 26060 ||| INVOKING Heroism.
 26075 | Orc:1    | 26075 ||| DROPPING +0 morningstar of protection.
 26140 | Orc:1    | Found a frozen archway.
 26255 | Orc:2    | Entered Level 2 of the Orcish Mines
 26255 | Orc:2    | Found a staircase to the Elven Halls.
 26256 | Orc:2    | 26256 ||| INVOKING Heroism.
 26257 | Orc:2    | 26257 ||| STAIRDANCE
 26262 | Orc:2    | 26262 ||| STAIRDANCE
 26269 | Orc:2    | 26269 ||| STAIRDANCE
 26299 | Orc:2    | 26299 ||| Stepping ~*~*~tactically~*~*~ (hiding).
 26309 | Orc:2    | 26309 ||| Stepping ~*~*~tactically~*~*~ (stealth).
 26318 | Orc:2    | 26318 ||| Stepping ~*~*~tactically~*~*~ (hiding).
 26321 | Orc:2    | 26321 ||| Stepping ~*~*~tactically~*~*~ (hiding).
 26322 | Orc:2    | 26322 ||| INVOKING Heroism.
 26340 | Orc:2    | 26340 ||| INVOKING Finesse.
 26345 | Orc:2    | Reached skill level 9 in Shields
 26359 | Orc:2    | HP: 19/114 [orc priest/divine providence (10)]
 26360 | Orc:2    | 26360 ||| READING scroll of teleportation.
 26369 | Orc:2    | HP: 13/114 [orc priest/divine providence (8)]
 26386 | Orc:2    | 26386 ||| INVOKING Heroism.
 26391 | Orc:2    | 26391 ||| Stepping ~*~*~tactically~*~*~ (stealth).
 26399 | Orc:2    | 26399 ||| FLEEEEING.
 26400 | Orc:2    | 26400 ||| FLEEEEING.
 26401 | Orc:2    | 26401 ||| FLEEEEING.
 26402 | Orc:2    | 26402 ||| FLEEEEING.
 26403 | Orc:2    | 26403 ||| FLEEEEING.
 26404 | Orc:2    | 26404 ||| FLEEEEING.
 26405 | Orc:2    | 26405 ||| FLEEEEING.
 26406 | Orc:2    | 26406 ||| FLEEEEING.
 26407 | Orc:2    | 26407 ||| FLEEEEING.
 26408 | Orc:2    | 26408 ||| FLEEEEING.
 26409 | Orc:2    | 26409 ||| FLEEEEING.
 26410 | Orc:2    | 26410 ||| FLEEEEING.
 26411 | Orc:2    | 26411 ||| FLEEEEING.
 26412 | Orc:2    | 26412 ||| FLEEEEING.
 26413 | Orc:2    | 26413 ||| STAIRDANCE
 26730 | Orc:2    | 26730 ||| INVOKING Heroism.
 26881 | Orc:2    | 26881 ||| Stepping ~*~*~tactically~*~*~ (hiding).
 26882 | Orc:2    | 26882 ||| Stepping ~*~*~tactically~*~*~ (stealth).
 26947 | Orc:2    | Found Abughi Ezeel's Distillery.
 26947 | Orc:2    | Found Woucem's Distillery.
 26948 | Orc:2    | Found Vastroil's Magic Scroll Emporium.
 26952 | Orc:2    | Found Betyhoef's Jewellery Emporium.
 26955 | Orc:2    | 26955 ||| BUYING 2 potions of magic (256 gold).
 26955 | Orc:2    | Bought 2 potions of magic for 256 gold pieces
 26955 | Orc:2    | 26955 ||| BUYING potion of lignification (48 gold).
 26955 | Orc:2    | Bought a potion of lignification for 48 gold pieces
 26955 | Orc:2    | 26955 ||| BUYING potion of lignification (48 gold).
 26955 | Orc:2    | Bought a potion of lignification for 48 gold pieces
 26955 | Orc:2    | 26955 ||| BUYING potion of might (64 gold).
 26955 | Orc:2    | Bought a potion of might for 64 gold pieces
 26956 | Orc:2    | 26956 ||| BUYING +4 ring of protection (432 gold).
 26956 | Orc:2    | Bought a +4 ring of protection for 432 gold pieces
 26956 | Orc:2    | 26956 ||| SHOPLISTING +4 ring of slaying (936 gold, have
                  | 816).
 26956 | Orc:2    | 26956 ||| BUYING ring of the Gloaming {rElec Will+ rCorr
                  | Str-2 Dex+4} (525 gold).
 26956 | Orc:2    | Bought the ring of the Gloaming {rElec Will+ rCorr Str-2
                  | Dex+4} for 525 gold pieces
 26957 | Orc:2    | 26957 ||| BUYING scroll of blinking (127 gold).
 26957 | Orc:2    | Bought a scroll of blinking for 127 gold pieces
 26957 | Orc:2    | 26957 ||| BUYING scroll of teleportation (51 gold).
 26957 | Orc:2    | Bought a scroll of teleportation for 51 gold pieces
 26957 | Orc:2    | 26957 ||| Stepping ~*~*~tactically~*~*~ (stealth).
 26960 | Orc:2    | 26960 ||| BUYING potion of curing (45 gold).
 26960 | Orc:2    | Bought a potion of curing for 45 gold pieces
 26960 | Orc:2    | 26960 ||| BUYING potion of curing (45 gold).
 26960 | Orc:2    | Bought a potion of curing for 45 gold pieces
 26960 | Orc:2    | 26960 ||| SHOPLISTING potion of curing (45 gold, have 23).
 26960 | Orc:2    | 26960 ||| SHOPLISTING potion of heal wounds (75 gold, have
                  | 23).
 26960 | Orc:2    | 26960 ||| SHOPLISTING potion of lignification (45 gold,
                  | have 23).
 26960 | Orc:2    | 26960 ||| SHOPLISTING potion of magic (120 gold, have 23).
 26972 | Orc:2    | 26972 ||| Stepping ~*~*~tactically~*~*~ (stealth).
 27007 | Orc:2    | 27007 ||| INVOKING Heroism.
 27014 | Orc:2    | 27014 ||| Stepping ~*~*~tactically~*~*~ (hiding).
 27087 | Orc:2    | 27087 ||| Stepping ~*~*~tactically~*~*~ (stealth).
 27090 | Orc:2    | 27090 ||| Stepping ~*~*~tactically~*~*~ (stealth).
 27103 | Orc:2    | 27103 ||| Stepping ~*~*~tactically~*~*~ (stealth).
 27364 | Orc:1    | Found Yfyir's Armour Boutique.
 27368 | Orc:1    | 27368 ||| INVOKING Heroism.
 27412 | Orc:1    | 27412 ||| BUYING +1 pair of boots of stealth (264 gold).
 27412 | Orc:1    | Bought a +1 pair of boots of stealth for 264 gold pieces
 27436 | Orc:1    | 27436 ||| INVOKING Heroism.
 27594 | Orc:1    | 27594 ||| PLANNING SPIDER:1-3
 27594 | Orc:1    | 27594 ||| UPGRADING to +1 pair of boots of stealth.
 27604 | Orc:1    | 27604 ||| DROPPING +0 pair of boots.
 27855 | Spider:1 | Entered Level 1 of the Spider Nest
 27860 | Spider:1 | 27860 ||| INVOKING Heroism.
 27880 | Spider:1 | 27880 ||| Stepping ~*~*~tactically~*~*~ (stealth).
 28007 | Spider:1 | 28007 ||| INVOKING Heroism.
 28103 | Spider:1 | 28103 ||| Stepping ~*~*~tactically~*~*~ (stealth).
 28113 | Spider:1 | 28113 ||| Stepping ~*~*~tactically~*~*~ (stealth).
 28116 | Spider:1 | 28116 ||| Stepping ~*~*~tactically~*~*~ (stealth).
 28117 | Spider:1 | 28117 ||| INVOKING Heroism.
 28206 | Spider:1 | 28206 ||| Stepping ~*~*~tactically~*~*~ (stealth).
 28223 | Spider:1 | 28223 ||| Stepping ~*~*~tactically~*~*~ (stealth).
 28384 | Spider:1 | Reached skill level 12 in Shields
 28455 | Spider:1 | Received a gift from Okawaru
 28643 | Spider:2 | 28643 ||| FLEEEEING.
 28647 | Spider:2 | 28647 ||| Stepping ~*~*~tactically~*~*~ (stealth).
 28654 | Spider:2 | 28654 ||| FLEEEEING.
 28656 | Spider:2 | 28656 ||| FLEEEEING.
 28657 | Spider:2 | 28657 ||| FLEEEEING.
 28658 | Spider:2 | 28658 ||| FLEEEEING.
 28659 | Spider:2 | 28659 ||| FLEEEEING.
 28660 | Spider:2 | 28660 ||| FLEEEEING.
 28661 | Spider:2 | 28661 ||| FLEEEEING.
 28680 | Spider:2 | 28680 ||| Stepping ~*~*~tactically~*~*~ (stealth).
 28801 | Spider:2 | 28801 ||| Stepping ~*~*~tactically~*~*~ (hiding).
 28803 | Spider:2 | 28803 ||| INVOKING Heroism.
 28841 | Spider:2 | 28841 ||| INVOKING Heroism.
 28946 | Spider:2 | 28946 ||| READING scroll of enchant weapon.
 28946 | Spider:2 | 28946 ||| ENCHANTING +7 broad axe of electrocution.
 29100 | Spider:2 | 29100 ||| Stepping ~*~*~tactically~*~*~ (stealth).
 29104 | Spider:2 | 29104 ||| INVOKING Finesse.
 29115 | Spider:2 | Reached XP level 17. HP: 111/118 MP: 18/24
 29182 | Spider:2 | 29182 ||| Stepping ~*~*~tactically~*~*~ (hiding).
 29186 | Spider:2 | 29186 ||| Stepping ~*~*~tactically~*~*~ (hiding).
 29319 | Spider:2 | 29319 ||| INVOKING Heroism.
 29330 | Spider:2 | 29330 ||| INVOKING Finesse.
 29502 | Spider:2 | 29502 ||| INVOKING Heroism.
 29549 | Spider:2 | 29549 ||| Stepping ~*~*~tactically~*~*~ (stealth).
 29551 | Spider:2 | 29551 ||| INVOKING Heroism.
 29734 | Spider:3 | 29734 ||| STAIRDANCE
 29741 | Spider:2 | 29741 ||| INVOKING Heroism.
 29879 | Spider:3 | 29879 ||| STAIRDANCE
 29885 | Spider:3 | 29885 ||| STAIRDANCE
 29979 | Spider:3 | 29979 ||| STAIRDANCE
 29990 | Spider:3 | 29990 ||| INVOKING Finesse.
 29996 | Spider:3 | 29996 ||| READING scroll of teleportation.
 30004 | Spider:3 | Received a gift from Okawaru
 30109 | Spider:3 | 30109 ||| Stepping ~*~*~tactically~*~*~ (stealth).
 30128 | Spider:3 | 30128 ||| Stepping ~*~*~tactically~*~*~ (stealth).
 30161 | Spider:3 | 30161 ||| INVOKING Heroism.
 30188 | Spider:3 | Noticed Arachne
 30189 | Spider:3 | 30189 ||| INVOKING Heroism.
 30190 | Spider:3 | 30190 ||| INVOKING Finesse.
 30199 | Spider:3 | Killed Arachne
 30562 | Spider:3 | Received a gift from Okawaru
 30603 | Spider:3 | 30603 ||| Stepping ~*~*~tactically~*~*~ (stealth).
 30625 | Spider:3 | 30625 ||| INVOKING Heroism.
 30648 | Spider:3 | 30648 ||| INVOKING Finesse.
 30717 | Spider:3 | 30717 ||| INVOKING Heroism.
 30891 | Spider:3 | Noticed Jorgrun
 30902 | Spider:3 | Killed Jorgrun
 30994 | Spider:3 | 30994 ||| INVOKING Heroism.
 31052 | Spider:3 | Noticed Roxanne
 31053 | Spider:3 | 31053 ||| INVOKING Heroism.
 31054 | Spider:3 | 31054 ||| INVOKING Finesse.
 31067 | Spider:3 | Killed Roxanne
 31165 | Spider:3 | 31165 ||| PLANNING SWAMP:1-3
 31443 | Swamp:1  | Entered Level 1 of the Swamp
 31447 | Swamp:1  | 31447 ||| INVOKING Heroism.
 31452 | Swamp:1  | Received a gift from Okawaru
 31452 | Swamp:1  | Found the +3 pair of seven-league boots {Rampage+∞}
 31496 | Swamp:1  | 31496 ||| Stepping ~*~*~tactically~*~*~ (hiding).
 31566 | Swamp:1  | 31566 ||| Stepping ~*~*~tactically~*~*~ (stealth).
 31567 | Swamp:1  | 31567 ||| Stepping ~*~*~tactically~*~*~ (stealth).
 31568 | Swamp:1  | 31568 ||| Stepping ~*~*~tactically~*~*~ (stealth).
 31586 | Swamp:1  | 31586 ||| INVOKING Heroism.
 31608 | Swamp:1  | 31608 ||| Stepping ~*~*~tactically~*~*~ (hiding).
 31672 | Swamp:1  | 31672 ||| INVOKING Heroism.
 31726 | Swamp:1  | 31726 ||| INVOKING Heroism.
 31727 | Swamp:1  | 31727 ||| SWAPPING to +1 hand axe of flaming.
 31736 | Swamp:1  | 31736 ||| SWAPPING to +8 broad axe of electrocution.
 31803 | Swamp:1  | 31803 ||| Stepping ~*~*~tactically~*~*~ (stealth).
 31810 | Swamp:1  | 31810 ||| INVOKING Heroism.
 31812 | Swamp:1  | 31812 ||| Stepping ~*~*~tactically~*~*~ (hiding).
 31818 | Swamp:1  | 31818 ||| Stepping ~*~*~tactically~*~*~ (hiding).
 32085 | Swamp:1  | 32085 ||| UPGRADING to +3 pair of seven-league boots
                  | {Rampage+∞}.
 32095 | Swamp:1  | 32095 ||| DROPPING +1 pair of boots of stealth.
 32096 | Swamp:1  | 32096 ||| DROPPING +6 ring of dexterity.
 32097 | Swamp:1  | 32097 ||| DROPPING ring of see invisible.
 32098 | Swamp:1  | 32098 ||| DROPPING ring of the Gloaming {rElec Will+ rCorr
                  | Str-2 Dex+4}.
 32099 | Swamp:1  | 32099 ||| DROPPING ring of protection from cold.
 32106 | Swamp:2  | 32106 ||| INVOKING Heroism.
 32107 | Swamp:2  | 32107 ||| INVOKING Finesse.
 32127 | Swamp:2  | Reached XP level 18. HP: 129/129 MP: 19/25
 32129 | Swamp:2  | Reached skill level 15 in Fighting
 32129 | Swamp:2  | 32129 ||| DROPPING +1 hand axe of flaming.
 32131 | Swamp:2  | 32131 ||| Stepping ~*~*~tactically~*~*~ (stealth).
 32201 | Swamp:2  | 32201 ||| Stepping ~*~*~tactically~*~*~ (hiding).
 32341 | Swamp:2  | 32341 ||| INVOKING Heroism.
 32342 | Swamp:2  | 32342 ||| Stepping ~*~*~tactically~*~*~ (hiding).
 32423 | Swamp:2  | 32423 ||| READING scroll of enchant weapon.
 32423 | Swamp:2  | 32423 ||| ENCHANTING +8 broad axe of electrocution.
 32699 | Swamp:3  | 32699 ||| INVOKING Heroism.
 32700 | Swamp:3  | 32700 ||| INVOKING Finesse.
 32740 | Swamp:3  | 32740 ||| Stepping ~*~*~tactically~*~*~ (stealth).
 32741 | Swamp:3  | 32741 ||| Stepping ~*~*~tactically~*~*~ (stealth).
 32742 | Swamp:3  | 32742 ||| Stepping ~*~*~tactically~*~*~ (stealth).
 32743 | Swamp:3  | 32743 ||| Stepping ~*~*~tactically~*~*~ (stealth).
 32744 | Swamp:3  | 32744 ||| Stepping ~*~*~tactically~*~*~ (stealth).
 32746 | Swamp:3  | 32746 ||| Stepping ~*~*~tactically~*~*~ (stealth).
 32817 | Swamp:3  | 32817 ||| INVOKING Heroism.
 32964 | Swamp:3  | 32964 ||| Stepping ~*~*~tactically~*~*~ (hiding).
 33190 | Swamp:3  | 33190 ||| PLANNING SPIDER:4
 33190 | Swamp:3  | 33190 ||| DROPPING ring of resist corrosion.
 33451 | Spider:4 | Entered Level 4 of the Spider Nest
 33475 | Spider:4 | 33475 ||| Stepping ~*~*~tactically~*~*~ (hiding).
 33476 | Spider:4 | 33476 ||| Stepping ~*~*~tactically~*~*~ (hiding).
 33573 | Spider:4 | 33573 ||| INVOKING Heroism.
 33576 | Spider:4 | 33576 ||| INVOKING Finesse.
 33582 | Spider:4 | Received a gift from Okawaru
 33912 | Spider:4 | Reached skill level 9 in Throwing
 33963 | Spider:4 | 33963 ||| Stepping ~*~*~tactically~*~*~ (stealth).
 33964 | Spider:4 | 33964 ||| INVOKING Finesse.
 33994 | Spider:4 | 33994 ||| Stepping ~*~*~tactically~*~*~ (stealth).
 34038 | Spider:4 | Received a gift from Okawaru
 34060 | Spider:4 | 34060 ||| Stepping ~*~*~tactically~*~*~ (stealth).
 34257 | Spider:4 | 34257 ||| Stepping ~*~*~tactically~*~*~ (stealth).
 34260 | Spider:4 | 34260 ||| INVOKING Heroism.
 34290 | Spider:4 | 34290 ||| Stepping ~*~*~tactically~*~*~ (stealth).
 34323 | Spider:4 | Received a gift from Okawaru
 34341 | Spider:4 | 34341 ||| Stepping ~*~*~tactically~*~*~ (stealth).
 34355 | Spider:4 | 34355 ||| INVOKING Heroism.
 34397 | Spider:4 | Reached skill level 15 in Armour
 34401 | Spider:4 | Reached skill level 15 in Shields
 34574 | Spider:4 | 34574 ||| Stepping ~*~*~tactically~*~*~ (hiding).
 34593 | Spider:4 | 34593 ||| INVOKING Heroism.
 34717 | Spider:4 | Got a gossamer rune of Zot
 34749 | Spider:4 | 34749 ||| Stepping ~*~*~tactically~*~*~ (stealth).
 34776 | Spider:4 | 34776 ||| Stepping ~*~*~tactically~*~*~ (hiding).
 34782 | Spider:4 | Received a gift from Okawaru
 34877 | Spider:4 | 34877 ||| Stepping ~*~*~tactically~*~*~ (stealth).
 34878 | Spider:4 | 34878 ||| Stepping ~*~*~tactically~*~*~ (stealth).
 35030 | Spider:4 | 35030 ||| Stepping ~*~*~tactically~*~*~ (stealth).
 35099 | Spider:4 | 35099 ||| Stepping ~*~*~tactically~*~*~ (hiding).
 35103 | Spider:4 | 35103 ||| INVOKING Heroism.
 35227 | Spider:4 | 35227 ||| INVOKING Heroism.
 35307 | Spider:3 | 35307 ||| PLANNING VAULTS:1-4
 35730 | Vaults:1 | Entered Level 1 of the Vaults
 35817 | Vaults:1 | 35817 ||| INVOKING Heroism.
 35818 | Vaults:1 | 35818 ||| INVOKING Finesse.
 35830 | Vaults:1 | 35830 ||| Stepping ~*~*~tactically~*~*~ (stealth).
 35842 | Vaults:1 | 35842 ||| Stepping ~*~*~tactically~*~*~ (hiding).
 35884 | Vaults:1 | Received a gift from Okawaru
 35907 | Vaults:1 | Received a gift from Okawaru
 35915 | Vaults:1 | 35915 ||| INVOKING Heroism.
 35924 | Vaults:1 | Reached XP level 19. HP: 100/137 MP: 23/26
 35963 | Vaults:1 | Received a gift from Okawaru
 36402 | Vaults:1 | 36402 ||| Stepping ~*~*~tactically~*~*~ (hiding).
 36417 | Vaults:1 | 36417 ||| Stepping ~*~*~tactically~*~*~ (hiding).
 36421 | Vaults:1 | Received a gift from Okawaru
 36701 | Vaults:1 | Found Eficaoli's Antique Armour Emporium.
 36754 | Vaults:1 | Found a transporter.
 36908 | Vaults:1 | 36908 ||| INVOKING Heroism.
 36909 | Vaults:1 | 36909 ||| INVOKING Finesse.
 36967 | Vaults:1 | 36967 ||| INVOKING Heroism.
 37126 | Vaults:1 | 37126 ||| DROPPING +2 crystal plate armour.
 37156 | Vaults:2 | 37156 ||| PLANNING DESOLATION
 37159 | Vaults:2 | 37159 ||| Stepping ~*~*~tactically~*~*~ (hiding).
 37160 | Vaults:2 | 37160 ||| Stepping ~*~*~tactically~*~*~ (hiding).
 37164 | Vaults:2 | 37164 ||| INVOKING Heroism.
 37268 | Vaults:2 | 37268 ||| INVOKING Heroism.
 37390 | Vaults:2 | 37390 ||| Stepping ~*~*~tactically~*~*~ (stealth).
 37391 | Vaults:2 | 37391 ||| Stepping ~*~*~tactically~*~*~ (stealth).
 37418 | Vaults:2 | 37418 ||| FLEEEEING.
 37419 | Vaults:2 | 37419 ||| FLEEEEING.
 37420 | Vaults:2 | 37420 ||| FLEEEEING.
 37421 | Vaults:2 | 37421 ||| STAIRDANCE
 37533 | Vaults:2 | 37533 ||| Stepping ~*~*~tactically~*~*~ (stealth).
 37580 | Vaults:2 | 37580 ||| INVOKING Heroism.
 37754 | Vaults:2 | 37754 ||| INVOKING Heroism.
 37755 | Vaults:2 | 37755 ||| INVOKING Finesse.
 37855 | Vaults:2 | 37855 ||| RIP DESOLATION
 37903 | Vaults:2 | 37903 ||| PLANNING VAULTS:1-4
 38047 | Vaults:2 | 38047 ||| Stepping ~*~*~tactically~*~*~ (stealth).
 38048 | Vaults:2 | 38048 ||| Stepping ~*~*~tactically~*~*~ (stealth).
 38065 | Vaults:2 | Reached skill level 18 in Fighting
 38145 | Vaults:2 | 38145 ||| Stepping ~*~*~tactically~*~*~ (hiding).
 38243 | Vaults:2 | 38243 ||| Stepping ~*~*~tactically~*~*~ (stealth).
 38245 | Vaults:2 | 38245 ||| INVOKING Heroism.
 38283 | Vaults:2 | 38283 ||| Stepping ~*~*~tactically~*~*~ (stealth).
 38454 | Vaults:2 | 38454 ||| Stepping ~*~*~tactically~*~*~ (hiding).
 38742 | Vaults:3 | 38742 ||| Stepping ~*~*~tactically~*~*~ (hiding).
 38745 | Vaults:3 | Identified the +7 chain mail of Spite {rN+ Will+ rCorr}
                  | (Okawaru gifted it to you on level 3 of the Vaults)
 38745 | Vaults:3 | Received a gift from Okawaru
 38797 | Vaults:3 | Identified the +2 pair of gloves "Uqyck" {+Inv Will++ Dex+2
                  | Slay-3}
 38800 | Vaults:3 | Found Casafe Acae's Armour Shop.
 38805 | Vaults:3 | 38805 ||| INVOKING Heroism.
 38858 | Vaults:3 | 38858 ||| INVOKING Heroism.
 38863 | Vaults:3 | 38863 ||| Stepping ~*~*~tactically~*~*~ (hiding).
 38878 | Vaults:3 | Reached XP level 20. HP: 38/149 MP: 27/27
 38885 | Vaults:3 | 38885 ||| FLEEEEING.
 38885 | Vaults:3 | HP: 37/149 [yaktaur/bolt[a yaktaur captain] (4)]
 38886 | Vaults:3 | 38886 ||| FLEEEEING.
 38888 | Vaults:3 | 38888 ||| FLEEEEING.
 38889 | Vaults:3 | 38889 ||| FLEEEEING.
 38890 | Vaults:3 | 38890 ||| FLEEEEING.
 38891 | Vaults:3 | 38891 ||| FLEEEEING.
 38892 | Vaults:3 | 38892 ||| FLEEEEING.
 38893 | Vaults:3 | 38893 ||| FLEEEEING.
 38894 | Vaults:3 | 38894 ||| FLEEEEING.
 38895 | Vaults:3 | 38895 ||| FLEEEEING.
 38896 | Vaults:3 | 38896 ||| FLEEEEING.
 38897 | Vaults:3 | 38897 ||| FLEEEEING.
 38898 | Vaults:3 | 38898 ||| FLEEEEING.
 38899 | Vaults:3 | 38899 ||| FLEEEEING.
 38900 | Vaults:3 | 38900 ||| FLEEEEING.
 38901 | Vaults:3 | 38901 ||| FLEEEEING.
 38902 | Vaults:3 | 38902 ||| FLEEEEING.
 38903 | Vaults:3 | 38903 ||| FLEEEEING.
 38904 | Vaults:3 | 38904 ||| FLEEEEING.
 38905 | Vaults:3 | 38905 ||| FLEEEEING.
 38907 | Vaults:3 | 38907 ||| FLEEEEING.
 38908 | Vaults:3 | 38908 ||| FLEEEEING.
 38909 | Vaults:3 | 38909 ||| FLEEEEING.
 38910 | Vaults:3 | 38910 ||| FLEEEEING.
 38911 | Vaults:3 | 38911 ||| FLEEEEING.
 38912 | Vaults:3 | 38912 ||| FLEEEEING.
 38913 | Vaults:3 | 38913 ||| FLEEEEING.
 38914 | Vaults:3 | 38914 ||| FLEEEEING.
 38916 | Vaults:3 | 38916 ||| FLEEEEING.
 38917 | Vaults:3 | 38917 ||| FLEEEEING.
 38918 | Vaults:3 | 38918 ||| FLEEEEING.
 38919 | Vaults:3 | 38919 ||| FLEEEEING.
 38920 | Vaults:3 | 38920 ||| FLEEEEING.
 38921 | Vaults:3 | 38921 ||| FLEEEEING.
 38922 | Vaults:3 | 38922 ||| FLEEEEING.
 38923 | Vaults:3 | 38923 ||| FLEEEEING.
 38925 | Vaults:3 | 38925 ||| FLEEEEING.
 38926 | Vaults:3 | 38926 ||| STAIRDANCE
 39215 | Vaults:2 | 39215 ||| UPGRADING to +2 pair of gloves "Uqyck" {+Inv
                  | Will++ Dex+2 Slay-3}.
 39227 | Vaults:3 | 39227 ||| STAIRDANCE
 39252 | Vaults:3 | 39252 ||| INVOKING Heroism.
 39271 | Vaults:3 | 39271 ||| Stepping ~*~*~tactically~*~*~ (hiding).
 39272 | Vaults:3 | 39272 ||| Stepping ~*~*~tactically~*~*~ (hiding).
 39348 | Vaults:3 | Found Juzec's Distillery.
 39349 | Vaults:3 | 39349 ||| INVOKING Heroism.
 39366 | Vaults:3 | 39366 ||| BUYING 2 potions of attraction (120 gold).
 39366 | Vaults:3 | Bought 2 potions of attraction for 120 gold pieces
 39366 | Vaults:3 | 39366 ||| BUYING 2 potions of mutation (320 gold).
 39366 | Vaults:3 | Bought 2 potions of mutation for 320 gold pieces
 39366 | Vaults:3 | 39366 ||| BUYING potion of curing (60 gold).
 39366 | Vaults:3 | Bought a potion of curing for 60 gold pieces
 39366 | Vaults:3 | 39366 ||| BUYING potion of curing (60 gold).
 39366 | Vaults:3 | Bought a potion of curing for 60 gold pieces
 39415 | Vaults:3 | 39415 ||| INVOKING Finesse.
 39424 | Vaults:3 | Reached skill level 6 in Dodging
 39482 | Vaults:3 | 39482 ||| INVOKING Heroism.
 39533 | Vaults:3 | 39533 ||| INVOKING Heroism.
 39542 | Vaults:3 | 39542 ||| Stepping ~*~*~tactically~*~*~ (stealth).
 39552 | Vaults:3 | 39552 ||| Stepping ~*~*~tactically~*~*~ (stealth).
 39566 | Vaults:3 | 39566 ||| INVOKING Finesse.
 39703 | Vaults:3 | 39703 ||| Stepping ~*~*~tactically~*~*~ (hiding).
 39708 | Vaults:3 | 39708 ||| INVOKING Heroism.
 39956 | Vaults:3 | Found a staircase to the Crypt.
 39957 | Vaults:3 | 39957 ||| INVOKING Heroism.
 39960 | Vaults:3 | 39960 ||| INVOKING Finesse.
 40011 | Vaults:3 | 40011 ||| Stepping ~*~*~tactically~*~*~ (stealth).
 40017 | Vaults:3 | Reached skill level 18 in Armour
 40067 | Vaults:3 | Received a gift from Okawaru
 40099 | Vaults:3 | 40099 ||| Stepping ~*~*~tactically~*~*~ (stealth).
 40103 | Vaults:3 | 40103 ||| Stepping ~*~*~tactically~*~*~ (hiding).
 40114 | Vaults:3 | 40114 ||| INVOKING Heroism.
 40154 | Vaults:3 | Received a gift from Okawaru
 40192 | Vaults:3 | 40192 ||| Stepping ~*~*~tactically~*~*~ (stealth).
 40196 | Vaults:3 | 40196 ||| Stepping ~*~*~tactically~*~*~ (stealth).
 40256 | Vaults:3 | 40256 ||| Stepping ~*~*~tactically~*~*~ (hiding).
 40545 | Vaults:3 | Found Fomaamna's Jewellery Shoppe.
 40552 | Vaults:3 | 40552 ||| BUYING amulet of Psychosis {Spirit -Cast rF+
                  | Stlth+} (557 gold).
 40552 | Vaults:3 | Bought the amulet of Psychosis {Spirit -Cast rF+ Stlth+}
                  | for 557 gold pieces
 40681 | Vaults:3 | 40681 ||| UPGRADING to +0 tower shield.
 40691 | Vaults:3 | 40691 ||| DROPPING +1 kite shield of protection.
 40692 | Vaults:3 | 40692 ||| DROPPING +6 ring of strength.
 40693 | Vaults:3 | 40693 ||| READING 2 scrolls labelled IMOGUN EMIDU.
 40829 | Vaults:4 | Received a gift from Okawaru
 40940 | Vaults:4 | 40940 ||| INVOKING Heroism.
 40958 | Vaults:4 | Received a gift from Okawaru
 40975 | Vaults:4 | Received a gift from Okawaru
 40987 | Vaults:4 | 40987 ||| INVOKING Heroism.
 41318 | Vaults:4 | 41318 ||| Stepping ~*~*~tactically~*~*~ (stealth).
 41320 | Vaults:4 | 41320 ||| Stepping ~*~*~tactically~*~*~ (stealth).
 41473 | Vaults:4 | 41473 ||| Stepping ~*~*~tactically~*~*~ (hiding).
 41477 | Vaults:4 | 41477 ||| INVOKING Heroism.
 41512 | Vaults:4 | Reached skill level 18 in Shields
 41692 | Vaults:4 | 41692 ||| Stepping ~*~*~tactically~*~*~ (hiding).
 41917 | Vaults:4 | 41917 ||| PLANNING SWAMP:4
 41917 | Vaults:4 | 41917 ||| UPGRADING to +2 pair of gloves of Beyond {rPois
                  | Str+4}.
 41927 | Vaults:4 | 41927 ||| DROPPING +2 pair of gloves "Uqyck" {+Inv Will++
                  | Dex+2 Slay-3}.
 42376 | Swamp:4  | Entered Level 4 of the Swamp
 42450 | Swamp:4  | 42450 ||| INVOKING Heroism.
 42486 | Swamp:4  | 42486 ||| Stepping ~*~*~tactically~*~*~ (stealth).
 42506 | Swamp:4  | 42506 ||| Stepping ~*~*~tactically~*~*~ (stealth).
 42508 | Swamp:4  | 42508 ||| Stepping ~*~*~tactically~*~*~ (stealth).
 42561 | Swamp:4  | 42561 ||| INVOKING Heroism.
 42798 | Swamp:4  | 42798 ||| Stepping ~*~*~tactically~*~*~ (hiding).
 42799 | Swamp:4  | 42799 ||| Stepping ~*~*~tactically~*~*~ (hiding).
 42974 | Swamp:4  | 42974 ||| PLANNING SWAMP:1-3
 42974 | Swamp:4  | 42974 ||| DROPPING +4 ring of protection.
 42999 | Swamp:3  | 42999 ||| PLANNING SWAMP:4
 43001 | Swamp:4  | 43001 ||| PLANNING SWAMP:1-3
 43001 | Swamp:4  | 43001 ||| READING 7 scrolls of teleportation.
 43002 | Swamp:4  | 43002 ||| STAIRDANCE
 43004 | Swamp:3  | 43004 ||| PLANNING SWAMP:4
 43033 | Swamp:4  | 43033 ||| PLANNING SWAMP:1-3
 43056 | Swamp:3  | 43056 ||| PLANNING SWAMP:4
 43058 | Swamp:4  | 43058 ||| PLANNING SWAMP:1-3
 43058 | Swamp:4  | 43058 ||| READING 6 scrolls of teleportation.
 43059 | Swamp:4  | 43059 ||| STAIRDANCE
 43061 | Swamp:3  | 43061 ||| PLANNING SWAMP:4
 43125 | Swamp:4  | 43125 ||| PLANNING SWAMP:1-3
 43151 | Swamp:3  | 43151 ||| PLANNING SWAMP:4
 43153 | Swamp:4  | 43153 ||| PLANNING SWAMP:1-3
 43153 | Swamp:4  | 43153 ||| READING 5 scrolls of teleportation.
 43154 | Swamp:4  | 43154 ||| STAIRDANCE
 43158 | Swamp:3  | 43158 ||| PLANNING SWAMP:4
 43208 | Swamp:4  | 43208 ||| PLANNING SWAMP:1-3
 43231 | Swamp:3  | 43231 ||| PLANNING SWAMP:4
 43233 | Swamp:4  | 43233 ||| PLANNING SWAMP:1-3
 43233 | Swamp:4  | 43233 ||| READING 4 scrolls of teleportation.
 43234 | Swamp:4  | 43234 ||| STAIRDANCE
 43238 | Swamp:3  | 43238 ||| PLANNING SWAMP:4
 43267 | Swamp:4  | 43267 ||| PLANNING SWAMP:1-3
 43290 | Swamp:3  | 43290 ||| PLANNING SWAMP:4
 43292 | Swamp:4  | 43292 ||| PLANNING SWAMP:1-3
 43292 | Swamp:4  | 43292 ||| READING 3 scrolls of teleportation.
 43293 | Swamp:4  | 43293 ||| STAIRDANCE
 43295 | Swamp:3  | 43295 ||| PLANNING SWAMP:4
 43353 | Swamp:4  | 43353 ||| PLANNING SWAMP:1-3
 43358 | Swamp:4  | 43358 ||| Stepping ~*~*~tactically~*~*~ (stealth).
 43386 | Swamp:3  | 43386 ||| PLANNING SWAMP:4
 43396 | Swamp:4  | 43396 ||| PLANNING SWAMP:1-3
 43405 | Swamp:3  | 43405 ||| PLANNING SWAMP:4
 43407 | Swamp:4  | 43407 ||| PLANNING SWAMP:1-3
 43407 | Swamp:4  | 43407 ||| READING 2 scrolls of teleportation.
 43408 | Swamp:4  | 43408 ||| STAIRDANCE
 43410 | Swamp:3  | 43410 ||| PLANNING SWAMP:4
 43439 | Swamp:4  | 43439 ||| PLANNING SWAMP:1-3
 43463 | Swamp:3  | 43463 ||| PLANNING SWAMP:4
 43465 | Swamp:4  | 43465 ||| PLANNING SWAMP:1-3
 43465 | Swamp:4  | 43465 ||| READING scroll of teleportation.
 43466 | Swamp:4  | 43466 ||| STAIRDANCE
 43468 | Swamp:3  | 43468 ||| PLANNING SWAMP:4
 43525 | Swamp:4  | 43525 ||| PLANNING SWAMP:1-3
 43551 | Swamp:3  | 43551 ||| PLANNING SWAMP:4
 43553 | Swamp:4  | 43553 ||| PLANNING SWAMP:1-3
 43553 | Swamp:4  | 43553 ||| Stepping randomly (stuck).
 43557 | Swamp:3  | 43557 ||| PLANNING SWAMP:4
 43582 | Swamp:4  | 43582 ||| Stepping ~*~*~tactically~*~*~ (cloud).
 43583 | Swamp:4  | 43583 ||| PLANNING SWAMP:1-3
 43583 | Swamp:4  | 43583 ||| Stepping randomly (stuck).
 43608 | Swamp:3  | 43608 ||| PLANNING SWAMP:4
 43610 | Swamp:4  | 43610 ||| PLANNING SWAMP:1-3
 43610 | Swamp:4  | 43610 ||| Stepping randomly (stuck).
 43614 | Swamp:3  | 43614 ||| PLANNING SWAMP:4
 43638 | Swamp:4  | 43638 ||| PLANNING SWAMP:1-3
 43665 | Swamp:3  | 43665 ||| PLANNING SWAMP:4
 43667 | Swamp:4  | 43667 ||| PLANNING SWAMP:1-3
 43667 | Swamp:4  | 43667 ||| Stepping randomly (stuck).
 43671 | Swamp:3  | 43671 ||| PLANNING SWAMP:4
 43692 | Swamp:4  | 43692 ||| PLANNING SWAMP:1-3
 43716 | Swamp:3  | 43716 ||| PLANNING SWAMP:4
 43718 | Swamp:4  | 43718 ||| PLANNING SWAMP:1-3
 43718 | Swamp:4  | 43718 ||| Stepping randomly (stuck).
 43722 | Swamp:3  | 43722 ||| PLANNING SWAMP:4
 43741 | Swamp:4  | 43741 ||| PLANNING SWAMP:1-3
 43763 | Swamp:3  | 43763 ||| PLANNING SWAMP:4
 43765 | Swamp:4  | 43765 ||| PLANNING SWAMP:1-3
 43765 | Swamp:4  | 43765 ||| Stepping randomly (stuck).
 43769 | Swamp:3  | 43769 ||| PLANNING SWAMP:4
 43818 | Swamp:4  | Reached XP level 21. HP: 156/156 MP: 28/28
 43821 | Swamp:4  | 43821 ||| Stepping ~*~*~tactically~*~*~ (stealth).
 43836 | Swamp:4  | 43836 ||| Stepping ~*~*~tactically~*~*~ (hiding).
 43837 | Swamp:4  | 43837 ||| Stepping ~*~*~tactically~*~*~ (hiding).
 43854 | Swamp:4  | 43854 ||| Stepping ~*~*~tactically~*~*~ (hiding).
 43882 | Swamp:4  | 43882 ||| Stepping ~*~*~tactically~*~*~ (cloud).
 43917 | Swamp:4  | 43917 ||| PLANNING SWAMP:1-3
 43939 | Swamp:4  | 43939 ||| Stepping ~*~*~tactically~*~*~ (cloud).
 43945 | Swamp:4  | 43945 ||| Stepping ~*~*~tactically~*~*~ (cloud).
 44024 | Swamp:3  | 44024 ||| PLANNING SWAMP:4
 44026 | Swamp:4  | 44026 ||| PLANNING SWAMP:1-3
 44026 | Swamp:4  | 44026 ||| Stepping randomly (stuck).
 44030 | Swamp:3  | 44030 ||| PLANNING SWAMP:4
 44049 | Swamp:4  | 44049 ||| PLANNING SWAMP:1-3
 44071 | Swamp:3  | 44071 ||| PLANNING SWAMP:4
 44073 | Swamp:4  | 44073 ||| PLANNING SWAMP:1-3
 44073 | Swamp:4  | 44073 ||| Stepping randomly (stuck).
 44077 | Swamp:3  | 44077 ||| PLANNING SWAMP:4
 44101 | Swamp:4  | 44101 ||| PLANNING SWAMP:1-3
 44126 | Swamp:3  | 44126 ||| PLANNING SWAMP:4
 44128 | Swamp:4  | 44128 ||| PLANNING SWAMP:1-3
 44128 | Swamp:4  | 44128 ||| Stepping randomly (stuck).
 44132 | Swamp:3  | 44132 ||| PLANNING SWAMP:4
 44154 | Swamp:4  | 44154 ||| PLANNING SWAMP:1-3
 44179 | Swamp:3  | 44179 ||| PLANNING SWAMP:4
 44181 | Swamp:4  | 44181 ||| PLANNING SWAMP:1-3
 44181 | Swamp:4  | 44181 ||| Stepping randomly (stuck).
 44185 | Swamp:3  | 44185 ||| PLANNING SWAMP:4
 44233 | Swamp:4  | 44233 ||| Stepping ~*~*~tactically~*~*~ (cloud).
 44234 | Swamp:4  | 44234 ||| PLANNING SWAMP:1-3
 44317 | Swamp:3  | 44317 ||| PLANNING SWAMP:4
 44337 | Swamp:4  | 44337 ||| PLANNING SWAMP:1-3
 44360 | Swamp:3  | 44360 ||| PLANNING SWAMP:4
 44362 | Swamp:4  | 44362 ||| PLANNING SWAMP:1-3
 44362 | Swamp:4  | 44362 ||| Stepping randomly (stuck).
 44366 | Swamp:3  | 44366 ||| PLANNING SWAMP:4
 44391 | Swamp:4  | 44391 ||| Stepping ~*~*~tactically~*~*~ (cloud).
 44392 | Swamp:4  | 44392 ||| PLANNING SWAMP:1-3
 44417 | Swamp:3  | 44417 ||| PLANNING SWAMP:4
 44419 | Swamp:4  | 44419 ||| PLANNING SWAMP:1-3
 44419 | Swamp:4  | 44419 ||| Stepping randomly (stuck).
 44423 | Swamp:3  | 44423 ||| PLANNING SWAMP:4
 44448 | Swamp:4  | 44448 ||| Stepping ~*~*~tactically~*~*~ (cloud).
 44449 | Swamp:4  | 44449 ||| PLANNING SWAMP:1-3
 44474 | Swamp:3  | 44474 ||| PLANNING SWAMP:4
 44476 | Swamp:4  | 44476 ||| PLANNING SWAMP:1-3
 44476 | Swamp:4  | 44476 ||| Stepping randomly (stuck).
 44480 | Swamp:3  | 44480 ||| PLANNING SWAMP:4
 44506 | Swamp:4  | 44506 ||| Stepping ~*~*~tactically~*~*~ (cloud).
 44507 | Swamp:4  | 44507 ||| PLANNING SWAMP:1-3
 44533 | Swamp:3  | 44533 ||| PLANNING SWAMP:4
 44535 | Swamp:4  | 44535 ||| PLANNING SWAMP:1-3
 44535 | Swamp:4  | 44535 ||| Stepping randomly (stuck).
 44539 | Swamp:3  | 44539 ||| PLANNING SWAMP:4
 44565 | Swamp:4  | 44565 ||| Stepping ~*~*~tactically~*~*~ (cloud).
 44588 | Swamp:4  | 44588 ||| Stepping ~*~*~tactically~*~*~ (cloud).
 44591 | Swamp:4  | 44591 ||| PLANNING SWAMP:1-3
 44626 | Swamp:4  | 44626 ||| Stepping ~*~*~tactically~*~*~ (cloud).
 44629 | Swamp:4  | 44629 ||| Stepping ~*~*~tactically~*~*~ (cloud).
 44764 | Swamp:4  | HP: 37/156 [something (5)]
 44771 | Swamp:4  | HP: 24/156 [something (4)]
 44779 | Swamp:4  | HP: 21/156 [something (6)]
 44797 | Swamp:4  | HP: 10/156 [something (12)]
 44802 | Swamp:4  | HP: 8/156 [something (4)]
 44810 | Swamp:4  | HP: 6/156 [something (5)]
 44811 | Swamp:4  | HP: 2/156 [something (4)]
 44813 | Swamp:4  | Engulfed by a cloud of freezing vapour

Levels and vault maps discovered:
D:1:      dpeg_arrival_shrine, layout_loops_cross, nicolae_titane
D:2:      layout_loops_ring, nicolae_ecumenical_lake_church
D:3:      layout_basic, portal_sewer_entry_b, uniq_robin, uniq_terence,
          uniq_natasha, uniq_grinder
D:4:      layout_layer_cave, mainiacjoe_overflow_catwalk, serial_bayou,
          serial_bayou_ford_a, serial_bayou_pond_b, serial_bayou_pond_e,
          serial_bayou_pond_a
D:5:      layout_rooms, mainiacjoe_overflow_catch_the_wave,
          kennysheep_decorative_pillar, uniq_duvessa
D:6:      minmay_inner_zag, layout_loops_cross, enter_ossuary_3,
          uniq_crazy_yiuf_cottage, uniq_sigmund
D:7:      lemuel_ice_spiral_2, layout_basic, minmay_temple_entry_tees,
          enter_bailey_3, palyth_stone_intersect
D:8:      layout_rooms, kiku_gazebo_pond_becter,
          mainiacjoe_overflow_cross_hatched, vehumet_altar_wand_db,
          erik_lair_dragon, serial_shops, shop
D:9:      layout_roguey, kennysheep_windowed_goal
D:10:     minmay_the_grid_triangle_9x9_recursive_2_mashed
          [minmay_the_grid_triangle_9x9_prize_top_heavy,
          minmay_the_grid_triangle_9x9_fully_insulated_deathbox,
          minmay_the_grid_triangle_9x9_dagger,
          minmay_the_grid_triangle_9x9_sparse_checkered], layout_basic,
          lemuel_tele_altar
D:11:     layout_roguey, uniq_fannar
D:12:     layout_cave_pods, hiddenorc1_lemuel, serial_park, serial_park_square3
          [serial_park_minivault_5x5_7], serial_park_tiny_2,
          gammafunk_ghost_grave, minmay_misc_feat_rows
D:13:     layout_basic, hangedman_vaults_entry_quadrant_bands, uniq_nessos
D:14:     layout_stronghold, minmay_strange_pillars, grunt_ministairs_13,
          zin_purify
D:15:     hangedman_depths_entry_civil_slaughter, layout_basic,
          lemuel_crystal_altar, hangedman_devilish_allure
Temple:   hellmonk_temple_of_storms
Lair:1:   layout_layer_cave, worms_lemuel, grunt_megastairs_2,
          serial_bayou_shore_b
Lair:2:   layout_cave_shapes, nicolae_swamp_entry_splash_gauntlet,
          gammafunk_ghost_hive, beast_lair_carwin_7, lemuel_fruit_tree,
          uniq_harold
Lair:3:   wander_river, layout_misc_corridors, spider_nest_entry_webs
Lair:4:   layout_loops_ring, minmay_slime_entry_oklob_enclosed, basic_altar
Lair:5:   gammafunk_lair_ancient_temple, layout_big_grid, patterned_corridor,
          grunt_megastairs_5, uniq_urug
Swamp:1:  layout_basic_swamp, hangedman_swamp_pad
Swamp:2:  layout_falls_marsh, serial_swamp_ruin, evilmike_swamp_ruin_house_5,
          evilmike_swamp_ruin_house_2
Swamp:3:  layout_falls_marsh, hangedman_swamp_diagram, swamp_pool1,
          grunt_lady_of_the_lake
Swamp:4:  swamp_icy, layout_basic_swamp, swamp_pool1
Spider:1: layout_spider_delve
Spider:2: layout_spider_delve, hangedman_spider_tarantella_strand
Spider:3: nicolae_spider_jumping_over_cracks [nicolae_spider_jumping_sub_plain,
          nicolae_spider_jumping_sub_stairs, nicolae_spider_jumping_sub_pools,
          nicolae_spider_jumping_sub_lanes], uniq_jorgrun, uniq_arachne,
          uniq_roxanne
Spider:4: floodkiller_spider_rune_tomb
Orc:1:    layout_caves, portal_ice_cave_entry_pillars_2, serial_shops, shop
Orc:2:    st_orc_mages, layout_caves, lightli_orcish_oven
Vaults:1: v_alt_pattern_1, emtedronai_trogs_sanctum, v_rooms_2, v_misc_9,
          hangedman_vaults_restitches, vaults_room_pools, v_misc_10,
          nicolae_vaults_big_angled_halls, vaults_room_fancy_cross,
          vaults_dpeg_doors, vaults_dpeg_spiral, ontoclasm_vaults_chip,
          ontoclasm_vaults_spin, v_misc_25, vaults_dpeg_ring,
          layout_vaults_omnibox, serial_shops, nicolae_shop_waterfront
Vaults:2: portal_desolation_entry_nicolae_nacl, hangedman_vaults_corner,
          vaults_room_fancy_cross, nicolae_vaults_display_case,
          hangedman_vaults_variations, v_alt_pattern_1, vaults_room_octagon,
          ontoclasm_vaults_gateway, vaults_mumra_hex,
          nicolae_vaults_mini_display_case, vaults_room_hallway,
          hangedman_vaults_unwind, nicolae_vaults_theta,
          nicolae_vaults_little_squares_4, nicolae_vaults_theta,
          layout_vaults_maze
Vaults:3: vaults_room_hallway, nicolae_vaults_little_ls,
          nicolae_vaults_ninety_degrees, grunt_vaults_swirl,
          minmay_crypt_entry_simple_statues, vaults_dpeg_hooks, v_misc_16,
          ontoclasm_vaults_bender, vaults_mumra_hexcomb,
          nicolae_vaults_border_crossing, v_misc_4, layout_vaults_omnicross,
          serial_shops, nicolae_shop_stone, shop, shop
Vaults:4: nicolae_vaults_alarming, vaults_room_large_hall,
          vaults_room_semicircle, hangedman_vaults_nodes, layout_vaults_omnigrid

Skill      XL: |  1  2  3  4  5  6  7  8  9 10 11 12 13 14 15 16 17 18 19 20 |
---------------+-------------------------------------------------------------+-----
Axes           | 2 3 4 5 6 7 9 10 11 12 13 15 17 18 | 18.0
Dodging        | 1 2 3 4 5 6 |  6.0
Fighting       | 4 5 6 7 8 10 11 12 13 14 16 18 | 18.4
Armour         | 4 7 8 9 10 12 14 16 17 18 | 18.0
Shields        | 4 5 6 7 8 12 14 15 16 18 | 18.7
Invocations    | 4 5 9 10 | 10.0
Throwing       | 5 6 7 8 9 10 | 10.0

Action                   |  1- 3 |  4- 6 |  7- 9 | 10-12 | 13-15 | 16-18 | 19-21 || total
-------------------------+-------+-------+-------+-------+-------+-------+-------++-------
Melee: War axe           |   123 |   203 |   366 |   595 |   341 |       |       ||  1628
       Morningstar       |       |       |       |       |    56 |     7 |       ||    63
       Broad axe         |       |       |       |       |   606 |  1245 |   736 ||  2587
       Hand axe          |       |       |       |       |       |     8 |       ||     8
Throw: Javelin           |       |       |       |       |    93 |   173 |    69 ||   335
       Boomerang         |       |       |       |       |     5 |    96 |    30 ||   131
Invok: Heroism           |       |       |       |    28 |    34 |    47 |    21 ||   130
       Finesse           |       |       |       |     1 |    12 |    14 |     5 ||    32
  Use: Scroll            |     3 |     4 |    10 |     9 |     8 |     5 |     8 ||    47
       Potion            |       |     5 |     4 |     3 |     1 |       |       ||    13
 Stab: Sleeping          |       |       |       |       |       |     2 |       ||     2
       Distracted        |       |       |       |       |       |       |     4 ||     4
Armor: Scale mail        |    59 |    88 |    62 |       |       |       |       ||   209
       Chain mail        |       |       |    87 |   283 |   214 |       |       ||   584
       Plate armour      |       |       |       |       |   216 |   582 |   404 ||  1202
Dodge: Dodged            |    53 |    56 |    95 |   199 |   316 |   269 |   114 ||  1102
Block: Buckler           |    23 |    77 |   174 |   323 |   439 |    67 |       ||  1103
       Reflection        |       |     2 |     1 |     4 |    31 |    15 |    22 ||    75
       Kite shield       |       |       |       |       |       |   740 |   349 ||  1089
       Tower shield      |       |       |       |       |       |       |   107 ||   107

Table legend:
 A = Non-vault XP
 B = Vault XP
 C = Vault XP percentage of total XP
 D = Non-vault monster count
 E = Vault monster count
 F = Vault count percentage of total count
                 A         B        C        D         E       F
            +---------+---------+-------+---------+---------+-------
      Total |  327306 |  167631 |  33.9 |     972 |     508 |  34.3
            +---------+---------+-------+---------+---------+-------
        D:1 |      47 |       0 |   0.0 |      27 |       0 |   0.0
        D:2 |     104 |       0 |   0.0 |      24 |       0 |   0.0
        D:3 |     144 |     375 |  72.3 |      25 |      18 |  41.9
        D:4 |     274 |     109 |  28.5 |      24 |       3 |  11.1
        D:5 |     570 |     222 |  28.0 |      22 |       2 |   8.3
        D:6 |     431 |     739 |  63.2 |       6 |       9 |  60.0
        D:7 |    2849 |       8 |   0.3 |      44 |       4 |   8.3
        D:8 |    1616 |    1505 |  48.2 |      10 |       7 |  41.2
        D:9 |    4778 |     591 |  11.0 |      45 |       3 |   6.2
       D:10 |    2055 |    4930 |  70.6 |      13 |      15 |  53.6
       D:11 |    4371 |     896 |  17.0 |      17 |       1 |   5.6
       D:12 |    4564 |     471 |   9.4 |      19 |      19 |  50.0
       D:13 |   10212 |    6754 |  39.8 |      17 |      17 |  50.0
       D:14 |    6313 |    1568 |  19.9 |      10 |       5 |  33.3
       D:15 |   13181 |    5920 |  31.0 |      21 |      16 |  43.2
     Lair:1 |    1425 |    1816 |  56.0 |      12 |       8 |  40.0
     Lair:2 |    5905 |    4936 |  45.5 |      16 |      21 |  56.8
     Lair:3 |    6757 |     529 |   7.3 |      22 |       3 |  12.0
     Lair:4 |    7628 |    1047 |  12.1 |      39 |       2 |   4.9
     Lair:5 |   31150 |   13494 |  30.2 |      71 |      33 |  31.7
    Swamp:1 |   15079 |       0 |   0.0 |      32 |       0 |   0.0
    Swamp:2 |    7101 |       0 |   0.0 |      14 |       0 |   0.0
    Swamp:3 |    9411 |       0 |   0.0 |      18 |       0 |   0.0
    Swamp:4 |   10218 |    6356 |  38.3 |      13 |      30 |  69.8
   Spider:1 |   13385 |       0 |   0.0 |      45 |       0 |   0.0
   Spider:2 |   18922 |     271 |   1.4 |      45 |       1 |   2.2
   Spider:3 |   18486 |    9441 |  33.8 |      56 |      20 |  26.3
   Spider:4 |   20033 |   23857 |  54.4 |      47 |      47 |  50.0
      Orc:1 |    3816 |       0 |   0.0 |      44 |       0 |   0.0
      Orc:2 |    3682 |    5650 |  60.5 |      25 |      49 |  66.2
   Vaults:1 |   14711 |   24147 |  62.1 |      22 |      41 |  65.1
   Vaults:2 |   21215 |   29079 |  57.8 |      30 |      37 |  55.2
   Vaults:3 |   35701 |   18550 |  34.2 |      56 |      23 |  29.1
   Vaults:4 |   31172 |    3027 |   8.9 |      41 |       6 |  12.8
      Sewer |       0 |     130 | 100.0 |       0 |      38 | 100.0
    Ossuary |       0 |    1213 | 100.0 |       0 |      30 | 100.0
            +---------+---------+-------+---------+---------+-------
